Workbook
Name \a: #REF!
Name \a: #REF!
Name \a: #REF!
Name \b: #REF!
Name \b: #REF!
Name \d: #REF!
Name \d: #REF!
Name BALANCO: #REF!
Name BALANCO: #REF!
Name COMBAL: #REF!
Name COMBAL: #REF!
Name COMBAL2: #REF!
Name COMBAL2: #REF!
Name DR: #REF!
Name DR: #REF!
Name DREA: #REF!
Name DREA: #REF!
Name DREE: #REF!
Name DREE: #REF!
Name IMOB: #REF!
Name IMOB: #REF!
Name MOAF: #REF!
Name MOAF: #REF!
Name NOTA17: #REF!
Name NOTA17: #REF!
Name NOTA18: #REF!
Name NOTA18: #REF!
Name NOTA19: #REF!
Name NOTA19: #REF!
Name NOTA20: #REF!
Name NOTA20: #REF!
Name NOTA21: #REF!
Name NOTA21: #REF!
Name NOTA22: #REF!
Name NOTA22: #REF!
Name previous: [1]Liste!$I$1
Name QUADRO1: #REF!
Name QUADRO1: #REF!
Name QUADRO2: #REF!
Name QUADRO2: #REF!
Name TAB: #REF!
Name TAB: #REF!
Name VEFC: #REF!
Name VEFC: #REF!

Sheet BALANÇO INCIAL
G2: ECV
D3: RUBRICAS | E3: NOTAS | F3: DATAS
F4: N | G4: N-1
D5: ACTIVO
D6: Activo não corrente
D7: Activos fixos tangíveis | F7: ='[2]Activos Fixos Tangiveis'!$E$80 -> 6238931.8 | G7: 0
D8: Propriedades de investimento | F8: 0 | G8: 0
D9: Goodwill | F9: 0 | G9: 0
D10: Activos intangíveis | F10: ='[3]Activos Tangiveis'!E51 -> 0 | G10: 0
D11: Activos biológicos | F11: 0 | G11: 0
D12: Participações financeiras - método da equivalência patrimonial | F12: 0 | G12: 0
D13: Participações financeiras - outros métodos | F13: 0 | G13: 0
D14: Accionistas/sócios | F14: 0 | G14: 0
D15: Outras contas a receber | G15: 0
D16: Outros activos financeiros | F16: 0 | G16: 0
D17: Activos por impostos diferidos | F17: 0 | G17: 0
D18: Subtotal | F18: =SUM(F7:F17) -> 6238931.8 | G18: 0
D19: Activo corrente
D20: Inventários | G20: 0
D21: Activos biológicos | F21: 0 | G21: 0
D22: Clientes | F22: 0 | G22: 0
D23: Adiantamentos a fornecedores | F23: 0 | G23: 0
D24: Estado e outros entes públicos | F24: 0 | G24: 0
D25: Accionistas/sócios | F25: 0 | G25: 0
D26: Outras contas a receber | F26: 0 | G26: 0
D27: Diferimentos | F27: 0 | G27: 0
D28: Activos financeiros detidos para negociação | G28: 0
D29: Outros activos financeiros | F29: 0 | G29: 0
D30: Activos não correntes detidos para venda | F30: 0 | G30: 0
D31: Caixa e depósitos bancários | F31: =F72-F18 -> 3761068.2 | G31: 0
D32: Subtotal | F32: =SUM(F20:F31) -> 3761068.2 | G32: 0
D33: Total do activo | F33: =SUM(F18,F32) -> 10000000 | G33: 0
D34: CAPITAL PRÓPRIO E PASSIVO
D35: Capital próprio
D36: Capital realizado | F36: =Diario!J4 -> 3000000 | G36: 0
D37: Acções (quotas) próprias | F37: 0 | G37: 0
D38: Outros instrumentos de capital próprio | F38: 0 | G38: 0
D39: Prémios de emissão | F39: 0 | G39: 0
D40: Reservas legais | F40: 0 | G40: 0
D41: Outras reservas | F41: 0 | G41: 0
D42: Resultados transitados | F42: 0 | G42: 0
D43: Ajustamentos em activos financeiros | F43: 0 | G43: 0
D44: Excedentes de revalorização | F44: 0 | G44: 0
D45: Outras variações no capital próprio | F45: 0 | G45: 0
D46: Resultado líquido do período | F46: 0 | G46: 0
D47: Interesses minoritários | F47: 0 | G47: 0
D48: Total do capital próprio | F48: =SUM(F36:F45) -> 3000000 | G48: 0
D49: Passivo
D50: Passivo não corrente
D51: Provisões | G51: 0
D52: Financiamentos obtidos | F52: =Diario!J16 -> 7000000 | G52: 0
D53: Responsabilidades por benefícios pós-emprego | F53: 0 | G53: 0
D54: Estado e outros entes públicos | F54: 0 | G54: 0
D55: Accionistas/sócios | F55: 0 | G55: 0
D56: Passivos por impostos diferidos | F56: 0 | G56: 0
D57: Outras contas a pagar | F57: 0 | G57: 0
D58: Subtotal | F58: =SUM(F52:F57) -> 7000000 | G58: 0
D59: Passivo corrente
D60: Fornecedores | F60: 0 | G60: 0
D61: Adiantamentos de clientes | F61: 0 | G61: 0
D62: Estado e outros entes públicos | F62: 0 | G62: 0
D63: Accionistas/sócios | F63: 0 | G63: 0
D64: Financiamentos obtidos | G64: 0
D65: Outras contas a pagar | F65: 0 | G65: 0
D66: Diferimentos | F66: 0 | G66: 0
D67: Passivos financeiros detidos para negociação | F67: 0 | G67: 0
D68: Outros passivos financeiros | F68: 0 | G68: 0
D69: Passivos não correntes detidos para venda
D70: subtotal | F70: 0 | G70: 0
D71: Total do passivo | F71: =SUM(F58,F70) -> 7000000 | G71: 0
D72: Total do capital próprio e do passivo | F72: =SUM(F71,F48) -> 10000000 | G72: 0
F76: 0 | G76: 0

Sheet Amortização Emprestimo taxa 8,7
B3: CAPITAL INICIAL - | E3: =[4]Diario!J17 -> 7000000 | G3: NUMERO DE ANOS | J3: 5
B4: TAXA DE JURO ( PERIODICO) - | E4: 0.087 | G4: NºPERIODOS POR ANO | J4: 12
B5: PRESTAÇAO - | E5: =+I8 -> 144291.41 | G5: Nº DE PRESTAÇOES | J5: =J4*J3 -> 60
B7: Periodo | C7: Capital em Divida | E7: Juros | G7: Amortização Docapital | I7: Prestação | J7: Capital em divida | K7: Imposto S
A8: =+E4 -> 0.087 | B8: 1 | C8: =+E3 -> 7000000 | E8: =+C8*A8/L8 -> 50750 | G8: =I8-E8 -> 93541.411 | I8: =-PMT(E4/J4,J5,E3) -> 144291.41 | J8: =C8-I8 -> 6855708.6 | K8: =+E8*0.05 -> 2537.5 | L8: =+J4 -> 12 | M8: =-PMT(E4/J4,J5,E3,0,1) -> 143252.83
A9: =+A8 -> 0.087 | B9: 2 | C9: =+C8-G8 -> 6906458.6 | E9: =+C9*A9/L9 -> 50071.825 | G9: =I9-E9 -> 94219.586 | I9: =I8 -> 144291.41 | J9: =C9-I9 -> 6762167.2 | K9: =+E9*0.05 -> 2503.5912 | L9: =+L8 -> 12 | M9: =+M8 -> 143252.83
A10: =+A9 -> 0.087 | B10: 3 | C10: =C9-G9 -> 6812239 | E10: =+C10*A10/L10 -> 49388.733 | G10: =I10-E10 -> 94902.678 | I10: =I9 -> 144291.41 | J10: =C10-I10 -> 6667947.6 | K10: =+E10*0.05 -> 2469.4366 | L10: =+L9 -> 12 | M10: =-PMT(E6/J6,#REF!,E5,0,1) -> #DIV/0!
A11: =+A10 -> 0.087 | B11: 4 | C11: =C10-G10 -> 6717336.3 | E11: =+C11*A11/L11 -> 48700.688 | G11: =I11-E11 -> 95590.723 | I11: =I10 -> 144291.41 | J11: =C11-I11 -> 6573044.9 | K11: =+E11*0.05 -> 2435.0344 | L11: =+L10 -> 12 | M11: =-PMT(#REF!/#REF!,#REF!,E6,0,1) -> #REF!
A12: =+A11 -> 0.087 | B12: 5 | C12: =C11-G11 -> 6621745.6 | E12: =+C12*A12/L12 -> 48007.656 | G12: =I12-E12 -> 96283.755 | I12: =I11 -> 144291.41 | J12: =C12-I12 -> 6477454.2 | K12: =+E12*0.05 -> 2400.3828 | L12: =+L11 -> 12 | M12: =-PMT(#REF!/#REF!,J7,#REF!,0,1) -> #REF!
A13: =+A12 -> 0.087 | B13: 6 | C13: =C12-G12 -> 6525461.8 | E13: =+C13*A13/L13 -> 47309.598 | G13: =I13-E13 -> 96981.813 | I13: =I12 -> 144291.41 | J13: =C13-I13 -> 6381170.4 | K13: =+E13*0.05 -> 2365.4799 | L13: =+L12 -> 12 | M13: =-PMT(E7/J7,J8,#REF!,0,1) -> #VALUE!
A14: =+A13 -> 0.087 | B14: 7 | C14: =C13-G13 -> 6428480 | E14: =+C14*A14/L14 -> 46606.48 | G14: =I14-E14 -> 97684.931 | I14: =I13 -> 144291.41 | J14: =C14-I14 -> 6284188.6 | K14: =+E14*0.05 -> 2330.324 | L14: =+L13 -> 12 | M14: =-PMT(E8/J8,J9,E7,0,1) -> #VALUE!
A15: =+A14 -> 0.087 | B15: 8 | C15: =C14-G14 -> 6330795.1 | E15: =+C15*A15/L15 -> 45898.264 | G15: =I15-E15 -> 98393.147 | I15: =I14 -> 144291.41 | J15: =C15-I15 -> 6186503.7 | K15: =+E15*0.05 -> 2294.9132 | L15: =+L14 -> 12 | M15: =-PMT(E9/J9,J10,E8,0,1) -> 373.02642
A16: =+A15 -> 0.087 | B16: 9 | C16: =C15-G15 -> 6232402 | E16: =+C16*A16/L16 -> 45184.914 | G16: =I16-E16 -> 99106.497 | I16: =I15 -> 144291.41 | J16: =C16-I16 -> 6088110.5 | K16: =+E16*0.05 -> 2259.2457 | L16: =+L15 -> 12 | M16: =-PMT(E10/J10,J11,E9,0,1) -> 368.14949
A17: =+A16 -> 0.087 | B17: 10 | C17: =C16-G16 -> 6133295.5 | E17: =+C17*A17/L17 -> 44466.392 | G17: =I17-E17 -> 99825.019 | I17: =I16 -> 144291.41 | J17: =C17-I17 -> 5989004 | K17: =+E17*0.05 -> 2223.3196 | L17: =+L16 -> 12 | M17: =-PMT(E11/J11,J12,E10,0,1) -> 363.23734
A18: =+A17 -> 0.087 | B18: 11 | C18: =C17-G17 -> 6033470.4 | E18: =+C18*A18/L18 -> 43742.661 | G18: =I18-E18 -> 100548.75 | I18: =I17 -> 144291.41 | J18: =C18-I18 -> 5889179 | K18: =+E18*0.05 -> 2187.133 | L18: =+L17 -> 12 | M18: =-PMT(E12/J12,J13,E11,0,1) -> 358.28972
A19: =+A18 -> 0.087 | B19: 12 | C19: =C18-G18 -> 5932921.7 | D19: =+SUM(E8:E19) -> 563140.89 | E19: =+C19*A19/L19 -> 43013.682 | F19: =+SUM(G8:G19) -> 1168356 | G19: =I19-E19 -> 101277.73 | H19: =+D19+F19 -> 1731496.9 | I19: =I18 -> 144291.41 | J19: =C19-I19 -> 5788630.3 | K19: =+E19*0.05 -> 2150.6841 | L19: =+L18 -> 12 | M19: =-PMT(E13/J13,J14,E12,0,1) -> 353.30636
A20: =+A19 -> 0.087 | B20: 13 | C20: =C19-G19 -> 5831644 | E20: =+C20*A20/L20 -> 42279.419 | G20: =I20-E20 -> 102011.99 | I20: =I19 -> 144291.41 | J20: =C20-I20 -> 5687352.6 | K20: =+E20*0.05 -> 2113.9709 | L20: =+L19 -> 12 | M20: =-PMT(E14/J14,J15,E13,0,1) -> 348.28704
A21: =+A20 -> 0.087 | B21: 14 | C21: =C20-G20 -> 5729632 | E21: =+C21*A21/L21 -> 41539.832 | G21: =I21-E21 -> 102751.58 | I21: =I20 -> 144291.41 | J21: =C21-I21 -> 5585340.6 | K21: =+E21*0.05 -> 2076.9916 | L21: =+L20 -> 12 | M21: =-PMT(E15/J15,J16,E14,0,1) -> 343.23148
A22: =+A21 -> 0.087 | B22: 15 | C22: =C21-G21 -> 5626880.4 | E22: =+C22*A22/L22 -> 40794.883 | G22: =I22-E22 -> 103496.53 | I22: =I21 -> 144291.41 | J22: =C22-I22 -> 5482589 | K22: =+E22*0.05 -> 2039.7441 | L22: =+L21 -> 12 | M22: =-PMT(E16/J16,J17,E15,0,1) -> 338.13945
A23: =+A22 -> 0.087 | B23: 16 | C23: =C22-G22 -> 5523383.9 | E23: =+C23*A23/L23 -> 40044.533 | G23: =I23-E23 -> 104246.88 | I23: =I22 -> 144291.41 | J23: =C23-I23 -> 5379092.5 | K23: =+E23*0.05 -> 2002.2266 | L23: =+L22 -> 12 | M23: =-PMT(E17/J17,J18,E16,0,1) -> 333.01068
A24: =+A23 -> 0.087 | B24: 17 | C24: =C23-G23 -> 5419137 | E24: =+C24*A24/L24 -> 39288.743 | G24: =I24-E24 -> 105002.67 | I24: =I23 -> 144291.41 | J24: =C24-I24 -> 5274845.6 | K24: =+E24*0.05 -> 1964.4372 | L24: =+L23 -> 12 | M24: =-PMT(E18/J18,J19,E17,0,1) -> 327.84493
A25: =+A24 -> 0.087 | B25: 18 | C25: =C24-G24 -> 5314134.3 | E25: =+C25*A25/L25 -> 38527.474 | G25: =I25-E25 -> 105763.94 | I25: =I24 -> 144291.41 | J25: =C25-I25 -> 5169842.9 | K25: =+E25*0.05 -> 1926.3737 | L25: =+L24 -> 12 | M25: =-PMT(E19/J19,J20,E18,0,1) -> 322.64194
A26: =+A25 -> 0.087 | B26: 19 | C26: =C25-G25 -> 5208370.4 | E26: =+C26*A26/L26 -> 37760.685 | G26: =I26-E26 -> 106530.73 | I26: =I25 -> 144291.41 | J26: =C26-I26 -> 5064079 | K26: =+E26*0.05 -> 1888.0343 | L26: =+L25 -> 12 | M26: =-PMT(E20/J20,J21,E19,0,1) -> 317.40145
A27: =+A26 -> 0.087 | B27: 20 | C27: =C26-G26 -> 5101839.7 | E27: =+C27*A27/L27 -> 36988.337 | G27: =I27-E27 -> 107303.07 | I27: =I26 -> 144291.41 | J27: =C27-I27 -> 4957548.2 | K27: =+E27*0.05 -> 1849.4169 | L27: =+L26 -> 12 | M27: =-PMT(E21/J21,J22,E20,0,1) -> 312.1232
A28: =+A27 -> 0.087 | B28: 21 | C28: =C27-G27 -> 4994536.6 | E28: =+C28*A28/L28 -> 36210.39 | G28: =I28-E28 -> 108081.02 | I28: =I27 -> 144291.41 | J28: =C28-I28 -> 4850245.2 | K28: =+E28*0.05 -> 1810.5195 | L28: =+L27 -> 12 | M28: =-PMT(E22/J22,J23,E21,0,1) -> 306.80695
A29: =+A28 -> 0.087 | B29: 22 | C29: =C28-G28 -> 4886455.6 | E29: =+C29*A29/L29 -> 35426.803 | G29: =I29-E29 -> 108864.61 | I29: =I28 -> 144291.41 | J29: =C29-I29 -> 4742164.1 | K29: =+E29*0.05 -> 1771.3401 | L29: =+L28 -> 12 | M29: =-PMT(E23/J23,J24,E22,0,1) -> 301.45243
A30: =+A29 -> 0.087 | B30: 23 | C30: =C29-G29 -> 4777590.9 | E30: =+C30*A30/L30 -> 34637.534 | G30: =I30-E30 -> 109653.88 | I30: =I29 -> 144291.41 | J30: =C30-I30 -> 4633299.5 | K30: =+E30*0.05 -> 1731.8767 | L30: =+L29 -> 12 | M30: =-PMT(E24/J24,J25,E23,0,1) -> 296.05939
A31: =+A30 -> 0.087 | B31: 24 | C31: =C30-G30 -> 4667937.1 | D31: =+SUM(E20:E31) -> 457341.18 | E31: =+C31*A31/L31 -> 33842.544 | F31: =+SUM(G20:G31) -> 1274155.8 | G31: =I31-E31 -> 110448.87 | H31: =+D31+F31 -> 1731496.9 | I31: =I30 -> 144291.41 | J31: =C31-I31 -> 4523645.7 | K31: =+E31*0.05 -> 1692.1272 | L31: =+L30 -> 12 | M31: =-PMT(E25/J25,J26,E24,0,1) -> 290.62757
A32: =+A31 -> 0.087 | B32: 25 | C32: =C31-G31 -> 4557488.2 | E32: =+C32*A32/L32 -> 33041.789 | G32: =I32-E32 -> 111249.62 | I32: =I31 -> 144291.41 | J32: =C32-I32 -> 4413196.8 | K32: =+E32*0.05 -> 1652.0895 | L32: =+L31 -> 12 | M32: =-PMT(E26/J26,J27,E25,0,1) -> 285.15671
A33: =+A32 -> 0.087 | B33: 26 | C33: =C32-G32 -> 4446238.6 | E33: =+C33*A33/L33 -> 32235.23 | G33: =I33-E33 -> 112056.18 | I33: =I32 -> 144291.41 | J33: =C33-I33 -> 4301947.2 | K33: =+E33*0.05 -> 1611.7615 | L33: =+L32 -> 12 | M33: =-PMT(E27/J27,J28,E26,0,1) -> 279.64656
A34: =+A33 -> 0.087 | B34: 27 | C34: =C33-G33 -> 4334182.4 | E34: =+C34*A34/L34 -> 31422.822 | G34: =I34-E34 -> 112868.59 | I34: =I33 -> 144291.41 | J34: =C34-I34 -> 4189891 | K34: =+E34*0.05 -> 1571.1411 | L34: =+L33 -> 12 | M34: =-PMT(E28/J28,J29,E27,0,1) -> 274.09686
A35: =+A34 -> 0.087 | B35: 28 | C35: =C34-G34 -> 4221313.8 | E35: =+C35*A35/L35 -> 30604.525 | G35: =I35-E35 -> 113686.89 | I35: =I34 -> 144291.41 | J35: =C35-I35 -> 4077022.4 | K35: =+E35*0.05 -> 1530.2263 | L35: =+L34 -> 12 | M35: =-PMT(E29/J29,J30,E28,0,1) -> 268.50736
A36: =+A35 -> 0.087 | B36: 29 | C36: =C35-G35 -> 4107626.9 | E36: =+C36*A36/L36 -> 29780.295 | G36: =I36-E36 -> 114511.12 | I36: =I35 -> 144291.41 | J36: =C36-I36 -> 3963335.5 | K36: =+E36*0.05 -> 1489.0148 | L36: =+L35 -> 12 | M36: =-PMT(E30/J30,J31,E29,0,1) -> 262.87782
A37: =+A36 -> 0.087 | B37: 30 | C37: =C36-G36 -> 3993115.8 | E37: =+C37*A37/L37 -> 28950.09 | G37: =I37-E37 -> 115341.32 | I37: =I36 -> 144291.41 | J37: =C37-I37 -> 3848824.4 | K37: =+E37*0.05 -> 1447.5045 | L37: =+L36 -> 12 | M37: =-PMT(E31/J31,J32,E30,0,1) -> 257.20797
A38: =+A37 -> 0.087 | B38: 31 | C38: =C37-G37 -> 3877774.5 | E38: =+C38*A38/L38 -> 28113.865 | G38: =I38-E38 -> 116177.55 | I38: =I37 -> 144291.41 | J38: =C38-I38 -> 3733483.1 | K38: =+E38*0.05 -> 1405.6933 | L38: =+L37 -> 12 | M38: =-PMT(E32/J32,J33,E31,0,1) -> 251.49757
A39: =+A38 -> 0.087 | B39: 32 | C39: =C38-G38 -> 3761596.9 | E39: =+C39*A39/L39 -> 27271.578 | G39: =I39-E39 -> 117019.83 | I39: =I38 -> 144291.41 | J39: =C39-I39 -> 3617305.5 | K39: =+E39*0.05 -> 1363.5789 | L39: =+L38 -> 12 | M39: =-PMT(E33/J33,J34,E32,0,1) -> 245.74639
A40: =+A39 -> 0.087 | B40: 33 | C40: =C39-G39 -> 3644577.1 | E40: =+C40*A40/L40 -> 26423.184 | G40: =I40-E40 -> 117868.23 | I40: =I39 -> 144291.41 | J40: =C40-I40 -> 3500285.7 | K40: =+E40*0.05 -> 1321.1592 | L40: =+L39 -> 12 | M40: =-PMT(E34/J34,J35,E33,0,1) -> 239.95418
A41: =+A40 -> 0.087 | B41: 34 | C41: =C40-G40 -> 3526708.9 | E41: =+C41*A41/L41 -> 25568.639 | G41: =I41-E41 -> 118722.77 | I41: =I40 -> 144291.41 | J41: =C41-I41 -> 3382417.5 | K41: =+E41*0.05 -> 1278.432 | L41: =+L40 -> 12 | M41: =-PMT(E35/J35,J36,E34,0,1) -> 234.12072
A42: =+A41 -> 0.087 | B42: 35 | C42: =C41-G41 -> 3407986.1 | E42: =+C42*A42/L42 -> 24707.899 | G42: =I42-E42 -> 119583.51 | I42: =I41 -> 144291.41 | J42: =C42-I42 -> 3263694.7 | K42: =+E42*0.05 -> 1235.395 | L42: =+L41 -> 12 | M42: =-PMT(E36/J36,J37,E35,0,1) -> 228.24577
A43: =+A42 -> 0.087 | B43: 36 | C43: =C42-G42 -> 3288402.6 | D43: =+SUM(E32:E43) -> 341960.84 | E43: =+C43*A43/L43 -> 23840.919 | F43: =+SUM(G32:G43) -> 1389536.1 | G43: =I43-E43 -> 120450.49 | H43: =+D43+F43 -> 1731496.9 | I43: =I42 -> 144291.41 | J43: =C43-I43 -> 3144111.2 | K43: =+E43*0.05 -> 1192.0459 | L43: =+L42 -> 12 | M43: =-PMT(E37/J37,J38,E36,0,1) -> 222.32913
A44: =+A43 -> 0.087 | B44: 37 | C44: =C43-G43 -> 3167952.1 | E44: =+C44*A44/L44 -> 22967.653 | G44: =I44-E44 -> 121323.76 | I44: =I43 -> 144291.41 | J44: =C44-I44 -> 3023660.7 | K44: =+E44*0.05 -> 1148.3826 | L44: =+L43 -> 12
A45: =+A44 -> 0.087 | B45: 38 | C45: =C44-G44 -> 3046628.4 | E45: =+C45*A45/L45 -> 22088.056 | G45: =I45-E45 -> 122203.36 | I45: =I44 -> 144291.41 | J45: =C45-I45 -> 2902336.9 | K45: =+E45*0.05 -> 1104.4028 | L45: =+L44 -> 12
A46: =+A45 -> 0.087 | B46: 39 | C46: =C45-G45 -> 2924425 | E46: =+C46*A46/L46 -> 21202.081 | G46: =I46-E46 -> 123089.33 | I46: =I45 -> 144291.41 | J46: =C46-I46 -> 2780133.6 | K46: =+E46*0.05 -> 1060.1041 | L46: =+L45 -> 12
A47: =+A46 -> 0.087 | B47: 40 | C47: =C46-G46 -> 2801335.7 | E47: =+C47*A47/L47 -> 20309.684 | G47: =I47-E47 -> 123981.73 | I47: =I46 -> 144291.41 | J47: =C47-I47 -> 2657044.3 | K47: =+E47*0.05 -> 1015.4842 | L47: =+L46 -> 12
A48: =+A47 -> 0.087 | B48: 41 | C48: =C47-G47 -> 2677353.9 | E48: =+C48*A48/L48 -> 19410.816 | G48: =I48-E48 -> 124880.59 | I48: =I47 -> 144291.41 | J48: =C48-I48 -> 2533062.5 | K48: =+E48*0.05 -> 970.5408 | L48: =+L47 -> 12
A49: =+A48 -> 0.087 | B49: 42 | C49: =C48-G48 -> 2552473.3 | E49: =+C49*A49/L49 -> 18505.432 | G49: =I49-E49 -> 125785.98 | I49: =I48 -> 144291.41 | J49: =C49-I49 -> 2408181.9 | K49: =+E49*0.05 -> 925.27159 | L49: =+L48 -> 12
A50: =+A49 -> 0.087 | B50: 43 | C50: =C49-G49 -> 2426687.4 | E50: =+C50*A50/L50 -> 17593.483 | G50: =I50-E50 -> 126697.93 | I50: =I49 -> 144291.41 | J50: =C50-I50 -> 2282396 | K50: =+E50*0.05 -> 879.67417 | L50: =+L49 -> 12
A51: =+A50 -> 0.087 | B51: 44 | C51: =C50-G50 -> 2299989.4 | E51: =+C51*A51/L51 -> 16674.923 | G51: =I51-E51 -> 127616.49 | I51: =I50 -> 144291.41 | J51: =C51-I51 -> 2155698 | K51: =+E51*0.05 -> 833.74617 | L51: =+L50 -> 12
A52: =+A51 -> 0.087 | B52: 45 | C52: =C51-G51 -> 2172372.9 | E52: =+C52*A52/L52 -> 15749.704 | G52: =I52-E52 -> 128541.71 | I52: =I51 -> 144291.41 | J52: =C52-I52 -> 2028081.5 | K52: =+E52*0.05 -> 787.48519 | L52: =+L51 -> 12
A53: =+A52 -> 0.087 | B53: 46 | C53: =C52-G52 -> 2043831.2 | E53: =+C53*A53/L53 -> 14817.777 | G53: =I53-E53 -> 129473.63 | I53: =I52 -> 144291.41 | J53: =C53-I53 -> 1899539.8 | K53: =+E53*0.05 -> 740.88883 | L53: =+L52 -> 12
A54: =+A53 -> 0.087 | B54: 47 | C54: =C53-G53 -> 1914357.6 | E54: =+C54*A54/L54 -> 13879.093 | G54: =I54-E54 -> 130412.32 | I54: =I53 -> 144291.41 | J54: =C54-I54 -> 1770066.2 | K54: =+E54*0.05 -> 693.95463 | L54: =+L53 -> 12
A55: =+A54 -> 0.087 | B55: 48 | C55: =C54-G54 -> 1783945.3 | D55: =+SUM(E44:E55) -> 216132.3 | E55: =+C55*A55/L55 -> 12933.603 | F55: =+SUM(G44:G55) -> 1515364.6 | G55: =I55-E55 -> 131357.81 | H55: =+D55+F55 -> 1731496.9 | I55: =I54 -> 144291.41 | J55: =C55-I55 -> 1639653.9 | K55: =+E55*0.05 -> 646.68017 | L55: =+L54 -> 12
A56: =+A55 -> 0.087 | B56: 49 | C56: =C55-G55 -> 1652587.5 | E56: =+C56*A56/L56 -> 11981.259 | G56: =I56-E56 -> 132310.15 | I56: =I55 -> 144291.41 | J56: =C56-I56 -> 1508296.1 | K56: =+E56*0.05 -> 599.06296 | L56: =+L55 -> 12
A57: =+A56 -> 0.087 | B57: 50 | C57: =C56-G56 -> 1520277.3 | E57: =+C57*A57/L57 -> 11022.011 | G57: =I57-E57 -> 133269.4 | I57: =I56 -> 144291.41 | J57: =C57-I57 -> 1375985.9 | K57: =+E57*0.05 -> 551.10053 | L57: =+L56 -> 12
A58: =+A57 -> 0.087 | B58: 51 | C58: =C57-G57 -> 1387007.9 | E58: =+C58*A58/L58 -> 10055.807 | G58: =I58-E58 -> 134235.6 | I58: =I57 -> 144291.41 | J58: =C58-I58 -> 1242716.5 | K58: =+E58*0.05 -> 502.79037 | L58: =+L57 -> 12
A59: =+A58 -> 0.087 | B59: 52 | C59: =C58-G58 -> 1252772.3 | E59: =+C59*A59/L59 -> 9082.5994 | G59: =I59-E59 -> 135208.81 | I59: =I58 -> 144291.41 | J59: =C59-I59 -> 1108480.9 | K59: =+E59*0.05 -> 454.12997 | L59: =+L58 -> 12
A60: =+A59 -> 0.087 | B60: 53 | C60: =C59-G59 -> 1117563.5 | E60: =+C60*A60/L60 -> 8102.3355 | G60: =I60-E60 -> 136189.08 | I60: =I59 -> 144291.41 | J60: =C60-I60 -> 973272.1 | K60: =+E60*0.05 -> 405.11677 | L60: =+L59 -> 12
A61: =+A60 -> 0.087 | B61: 54 | C61: =C60-G60 -> 981374.44 | E61: =+C61*A61/L61 -> 7114.9647 | G61: =I61-E61 -> 137176.45 | I61: =I60 -> 144291.41 | J61: =C61-I61 -> 837083.03 | K61: =+E61*0.05 -> 355.74823 | L61: =+L60 -> 12
A62: =+A61 -> 0.087 | B62: 55 | C62: =C61-G61 -> 844197.99 | E62: =+C62*A62/L62 -> 6120.4354 | G62: =I62-E62 -> 138170.98 | I62: =I61 -> 144291.41 | J62: =C62-I62 -> 699906.58 | K62: =+E62*0.05 -> 306.02177 | L62: =+L61 -> 12
A63: =+A62 -> 0.087 | B63: 56 | C63: =C62-G62 -> 706027.02 | E63: =+C63*A63/L63 -> 5118.6959 | G63: =I63-E63 -> 139172.72 | I63: =I62 -> 144291.41 | J63: =C63-I63 -> 561735.6 | K63: =+E63*0.05 -> 255.93479 | L63: =+L62 -> 12
A64: =+A63 -> 0.087 | B64: 57 | C64: =C63-G63 -> 566854.3 | E64: =+C64*A64/L64 -> 4109.6937 | G64: =I64-E64 -> 140181.72 | I64: =I63 -> 144291.41 | J64: =C64-I64 -> 422562.89 | K64: =+E64*0.05 -> 205.48468 | L64: =+L63 -> 12
A65: =+A64 -> 0.087 | B65: 58 | C65: =C64-G64 -> 426672.58 | E65: =+C65*A65/L65 -> 3093.3762 | G65: =I65-E65 -> 141198.03 | I65: =I64 -> 144291.41 | J65: =C65-I65 -> 282381.17 | K65: =+E65*0.05 -> 154.66881 | L65: =+L64 -> 12
A66: =+A65 -> 0.087 | B66: 59 | C66: =C65-G65 -> 285474.55 | E66: =+C66*A66/L66 -> 2069.6905 | G66: =I66-E66 -> 142221.72 | I66: =I65 -> 144291.41 | J66: =C66-I66 -> 141183.14 | K66: =+E66*0.05 -> 103.48452 | L66: =+L65 -> 12
A67: =+A66 -> 0.087 | B67: 60 | C67: =C66-G66 -> 143252.83 | D67: =+SUM(E56:E67) -> 78909.452 | E67: =+C67*A67/L67 -> 1038.583 | F67: =+SUM(G56:G67) -> 1652587.5 | G67: =I67-E67 -> 143252.83 | I67: =I66 -> 144291.41 | J67: =C67-I67 -> -1038.583 | K67: =+E67*0.05 -> 51.92915 | L67: =+L66 -> 12
A68: =+A67 -> 0.087 | L68: =+L67 -> 12
A69: =+A68 -> 0.087 | L69: =+L68 -> 12
A70: =+A69 -> 0.087 | C70: RESUMO DO SERVIÇO DA DIVIDA | L70: =+L69 -> 12
A71: =+A70 -> 0.087 | C71: Designação | D71: ano 0 | E71: ano 1 | F71: ano 2 | G71: ano 3 | H71: ano 4 | I71: ano 5 | J71: Total | L71: =+L70 -> 12
A72: =+A71 -> 0.087 | C72: Capital em Divida Inicio | D72: =E3 -> 7000000 | E72: =+D72-F19 -> 5831644 | F72: =+E72-F31 -> 4557488.2 | G72: =+F72-F43 -> 3167952.1 | H72: =+G72-F55 -> 1652587.5 | I72: =+H72-F67 -> 0 | L72: =+L71 -> 12
A73: =+A72 -> 0.087 | C73: Juros Ocorridos | D73: 0 | E73: =+D19 -> 563140.89 | F73: =+D31 -> 457341.18 | G73: =+D43 -> 341960.84 | H73: =+D55 -> 216132.3 | I73: =+D67 -> 78909.452 | J73: =+SUM(D73:I73) -> 1657484.7 | L73: =+L72 -> 12
A74: =+A73 -> 0.087 | C74: Reebolso Capital | D74: 0 | E74: =+F19 -> 1168356 | F74: =+F31 -> 1274155.8 | G74: =+F43 -> 1389536.1 | H74: =+F55 -> 1515364.6 | I74: =+F67 -> 1652587.5 | J74: =+SUM(D74:I74) -> 7000000 | L74: =+L73 -> 12
A75: =+A74 -> 0.087 | C75: Total Prestações | D75: =+D73+D74 -> 0 | E75: =+E73+E74 -> 1731496.9 | F75: =+F73+F74 -> 1731496.9 | G75: =+G73+G74 -> 1731496.9 | H75: =+H73+H74 -> 1731496.9 | I75: =+I73+I74 -> 1731496.9 | J75: =+J73+J74 -> 8657484.7 | L75: =+L74 -> 12
C76: Imposto Selo | E76: =+SUM(K8:K19) -> 28157.045 | F76: =+SUM(K20:K31) -> 22867.059 | G76: =+SUM(K32:K43) -> 17098.042 | H76: =+SUM(K44:K55) -> 10806.615 | I76: =+SUM(K56:K67) -> 3945.4726 | J76: =+SUM(D76:I76) -> 82874.233
A77: =+A75 -> 0.087 | C77: Custo Medio Ponderado | J77: =+(J73+J76)/J74 -> 0.2486227 | L77: =+L75 -> 12
A78: =+A77 -> 0.087 | L78: =+L77 -> 12
A79: =+A78 -> 0.087 | L79: =+L78 -> 12
A80: =+A79 -> 0.087 | L80: =+L79 -> 12
A81: =+A80 -> 0.087 | L81: =+L80 -> 12
A82: =+A81 -> 0.087 | L82: =+L81 -> 12
A83: =+A82 -> 0.087 | L83: =+L82 -> 12
A84: =+A83 -> 0.087 | L84: =+L83 -> 12
A85: =+A84 -> 0.087 | L85: =+L84 -> 12
A86: =+A85 -> 0.087 | L86: =+L85 -> 12
A87: =+A86 -> 0.087 | L87: =+L86 -> 12
A88: =+A87 -> 0.087 | L88: =+L87 -> 12
A89: =+A88 -> 0.087 | L89: =+L88 -> 12
... A262: =+A261 -> 0.087 | L262: =+L261 -> 12
A263: =E255 -> 0 | L263: =+L262 -> 12
A264: =E256 -> 0 | L264: =+L263 -> 12
A265: =E257 -> 0 | L265: =+L264 -> 12
A266: =E258 -> 0 | L266: =+L265 -> 12
A267: =E259 -> 0 | L267: =+L266 -> 12
A268: =E260 -> 0 | L268: =+L267 -> 12
A269: =E261 -> 0 | L269: =+L268 -> 12
A270: =E262 -> 0 | L270: =+L269 -> 12
A271: =E263 -> 0 | L271: =+L270 -> 12
A272: =E264 -> 0 | L272: =+L271 -> 12
A273: =E265 -> 0 | L273: =+L272 -> 12
A274: =E266 -> 0 | L274: =+L273 -> 12
... A298: =E290 -> 0 | L298: =+L297 -> 12
...

Sheet Diario
F1: Nº | H1: Conta /Designação | I1: Débito | J1: Crédito
F2: 1 | G2: de | H2: 2510003 - Ivânio c/Subscrição | I2: 1500000
F3: 1 | G3: de | H3: 2510004 - Josileida c/Subscrição | I3: 1500000
F4: 1 | G4: a | H4: 5210001- Capital Social | J4: =SUM(I2:I3) -> 3000000
H5: H Pela subscriçao do capital de Restaurante Bar Calhau, SA
F7: 2 | G7: de | H7: 1210001- Do BKK | I7: =SUM(J8:J9) -> 3000000
F8: 2 | G8: a | H8: =H2 -> 2510003 - Ivânio c/Subscrição | J8: =I2 -> 1500000
F9: 2 | G9: a | H9: =H3 -> 2510004 - Josileida c/Subscrição | J9: =I3 -> 1500000
H10: H Pela Realizaçao do Capital Subscrito - Dinheiro
F12: 3 | H12: 6888001-Outros Gastos | I12: 10600
F13: 3 | H13: =H15 -> 12001-Deposito a Ordem | J13: 10600
H14: H pelas Despesas de instalação da Propriedade industrial
F15: 4 | G15: de | H15: 12001-Deposito a Ordem | I15: =J16 -> 7000000
F16: 4 | G16: de | H16: 231101-Emprestimo Bancario | J16: 7000000
H17: H Pelo Emprestimo Bancario
F19: 5 | G19: de | H19: 6640004 - Despesas com Seviços Bancarios | I19: =SUM('Amortização Emprestimo taxa 8,7'!K8:K10) -> 7510.5279
F20: 5 | G20: a | H20: 1210001 - Do BKK | J20: =I19 -> 7510.5279
H21: H Pelo pagamento das Despesas c\ serviços BKK do 1º Trimestre
F23: 6 | G23: de | H23: 433001 - Equipamentos Basicos | I23: =SUM([2]Depreciação!$B$13:$E$13,[2]Depreciação!$B$20:$E$20,[2]Depreciação!$B$27:$E$27,[2]Depreciação!$B$42:$E$42,[2]Depreciação!$B$46:$E$46,[2]Depreciação!$B$52:$E$52,[2]Depreciação!$B$63:$E$63) -> 4545281.8
F24: 6 | G24: a | H24: =H15 -> 12001-Deposito a Ordem | J24: =I23 -> 4545281.8
H25: H Pela Aquisiçao Equip. Basicos
F27: 7 | G27: de | H27: 434001 - Eq.Transporte | I27: =[2]Depreciação!$E$76 -> 1500000
F28: 7 | G28: a | H28: 1210001 - Do BKK | J28: =I27 -> 1500000
H29: H Pela aquisição de Equipamento Transporte
F31: 8 | G31: de | H31: 435001 - Eq.Administrativo | I31: =SUM([2]Depreciação!$E$65:$E$73) -> 193650
F32: 8 | G32: a | H32: 1210001 - Do BKK | J32: =I31 -> 193650
H33: H Pela c\ Equipamento administrativo
F35: 9 | G35: de | H35: 1100001-Caixa | I35: =J36 -> 50000
F36: 9 | G36: a | H36: =H24 -> 12001-Deposito a Ordem | J36: 50000
H37: H Pela transferencia do Saldo de deposito a Ordem p\ Caixa
F39: 10 | G39: de | H39: 2622001-Credores por Acrescimo de Gasto | I39: =J40 -> 180000
F40: 10 | G40: a | H40: =H36 -> 12001-Deposito a Ordem | J40: =15000*12 -> 180000
H41: H Pelo Pagamento de seguros Contra Todos os Risco
F43: 11 | G43: de | H43: 6218001-Livros e Doc. Tecnicas | I43: =J45/1.15 -> 4347.8261
G44: de | H44: 2442301- Iva Dedutivel | I44: =I43*0.15 -> 652.17391
F45: 11 | G45: a | H45: =H35 -> 1100001-Caixa | J45: 5000
H46: H Pela aquisição de Livros e Documentações Tecnicas
F48: 12 | G48: de | H48: 6221001-Rendas e Aluguer | I48: =[3]FSE!$C$12 -> 50000
F49: 12 | G49: a | H49: =H40 -> 12001-Deposito a Ordem | J49: =I48 -> 50000
H50: H Pelo Pagamento da Aluguel
F52: 13 | G52: de | H52: 6217001-Publicidade e Propagandas | I52: =J54/1.15 -> 4347.8261
G53: de | H53: =H44 -> 2442301- Iva Dedutivel | I53: =I52*0.15 -> 652.17391
F54: 13 | G54: a | H54: =H49 -> 12001-Deposito a Ordem | J54: 5000
H55: H Pelo pagamento de Publicidade e Propaganda
F57: 14 | G57: de | H57: 62138001- Outros Combustiveis | I57: =J59/1.15 -> 17391.304
F58: 14 | G58: de | H58: =H53 -> 2442301- Iva Dedutivel | I58: =I57*0.15 -> 2608.6957
F59: 14 | G59: a | H59: =H45 -> 1100001-Caixa | J59: =[2]FSE!$C$8 -> 20000
H60: H Pela compra do Gas para a cozinha
F62: 15 | G62: de | H62: 6298001- Outros forn. e serviços | I62: =[3]FSE!$C$18 -> 8250
F63: 15 | G63: a | H63: =H54 -> 12001-Deposito a Ordem | J63: =I62 -> 8250
H64: H Pelo Pagamento de outros Fornecimentos de serviços
F66: 16 | G66: de | H66: 6224001-Comuniçao | I66: 4600
F67: 16 | G67: e | H67: =H63 -> 12001-Deposito a Ordem | J67: =I66 -> 4600
H68: H Pago CV Telecom- Contrato telefone e Internet
F70: 17 | G70: de | H70: 6211001- Agua | I70: 250
F71: 17 | G71: de | H71: 6212001- Electricidade | I71: 250 | J71: =SUM(I70:I71) -> 500
F72: 17 | G72: a | H72: =H67 -> 12001-Deposito a Ordem
H73: H Pago Electra - Contrato Electricidade e Agua
F75: 18 | G75: de | H75: 3611001-Compra de Materias pri. e Subsidiária | I75: =J77/1.15 -> 6942104.3
F76: 18 | G76: de | H76: =H58 -> 2442301- Iva Dedutivel | I76: =I75*0.15 -> 1041315.7
F77: 18 | G77: a | H77: =H63 -> 12001-Deposito a Ordem | J77: ='[5]Orçamento de compra'!$D$33 -> 7983420
H78: H Pela Compra das Materias primas e Subsidiária
H84: 1º TRIMESTRE
F85: 19 | G85: de | H85: =H59 -> 1100001-Caixa | I85: ='[5]Programa e Orçamento de venda '!$F$34 -> 14623224
F86: 19 | G86: a | H86: 2443001-Iva Liquidado | J86: =J87*0.15 -> 1907377
F87: 19 | G87: a | H87: 712001-Vendas de Produtos | J87: =I85/1.15 -> 12715847
H88: H pela venda dos produtos C/Iva a taxa de 15%
F90: 20 | H90: =H77 -> 12001-Deposito a Ordem | I90: =J91 -> 14623224
F91: 20 | H91: =H85 -> 1100001-Caixa | J91: =I85 -> 14623224
F92: 20 | H92: H Pela transferencia do Saldo de Caixa para o D.O
F94: 21 | G94: de | H94: =H70 -> 6211001- Agua | I94: =[3]FSE!$H$10 -> 45000
F95: 21 | G95: de | H95: =H71 -> 6212001- Electricidade | I95: =[3]FSE!$H$7 -> 90000
F96: 21 | G96: de | H96: =H66 -> 6224001-Comuniçao | I96: =[3]FSE!$H$9 -> 15000
F97: 21 | G97: de | H97: 6219001- Lipenza, Higiene e Conforto | I97: =[3]FSE!$H$15 -> 45000
F98: 21 | G98: de | H98: 6221001- Renda e Aluguer | I98: 100000
F99: 21 | G99: de | H99: 6227001-Segurança | I99: =[3]FSE!$H$16 -> 54000
F100: 21 | G100: de | H100: 62138- Botijão de Gas | I100: =[3]FSE!$H$17 -> 35175
F101: 21 | G101: de | H101: 6298001- Outros FSE | I101: =[3]FSE!$H$18 -> 24750
F102: 21 | G102: a | H102: =H90 -> 12001-Deposito a Ordem | J102: =SUM(I94:I101) -> 408925
H103: H Pelo Pagamento das Despesas
F105: 22 | G105: de | H105: 6225001- Seguros | I105: =[3]FSE!$H$13 -> 45000
F106: 22 | G106: a | H106: =H39 -> 2622001-Credores por Acrescimo de Gasto | J106: =I105 -> 45000
H107: H Pelo Reconhecimento dos Gasto do Periodo C/ Seguros
F109: 23 | G109: de | H109: 632001-Remunerações do Pesoal | I109: =SUM(J110:J112) -> 2178600
F110: 23 | G110: a | H110: 271201- Remunerações a Pagar Ao Pesoal | J110: ='[5]Custo com pesoal a '!$D$23*3 -> 1995000
F111: 23 | G111: a | H111: 2412001- Retenção do IUR-Trabalhador dependente | J111: ='[5]Custo com pesoal a '!$G$23*3 -> 24000
G112: a | H112: 248001-Segurança Social | J112: ='[5]Custo com pesoal a '!$E$23*3 -> 159600
H113: H Pelo processamento dos salários
F115: 24 | G115: de | H115: 635001-Encargos sobre remunerações | I115: ='[5]Custo com pesoal a '!$F$23*3 -> 299250
F116: 24 | G116: a | H116: =H112 -> 248001-Segurança Social | J116: =I115 -> 299250
H117: H Pelo processamento dos encargos patronais do Pessoal
F119: 25 | G119: de | H119: 631001- Remunerações dos Orgão Sociais | I119: =SUM(J120:J122) -> 961050
F120: 25 | G120: a | H120: 271101- Remunerações a Pagar Orgão Sociais | J120: ='[5]Custo com pesoal a '!$D$9*3 -> 825000
F121: 25 | G121: a | H121: =H111 -> 2412001- Retenção do IUR-Trabalhador dependente | J121: ='[5]Custo com pesoal a '!$G$9*3 -> 70050
F122: 25 | G122: a | H122: 248001-Segurança Social | J122: ='[5]Custo com pesoal a '!$E$9*3 -> 66000
H123: H Pelo processamento dos Ordenados dos Orgãos Sociais
F125: 26 | H125: =H115 -> 635001-Encargos sobre remunerações | I125: ='[5]Custo com pesoal a '!$F$9*3 -> 123750
F126: 26 | H126: =H116 -> 248001-Segurança Social | J126: =I125 -> 123750
H127: H Pelo processamento dos encargos patronais dos O.Sociais
F129: 27 | G129: de | H129: =H110 -> 271201- Remunerações a Pagar Ao Pesoal | I129: =J110 -> 1995000
...

Sheet Razão
B1: 11101-Caixa | F1: 12101-Deposito a Ordem | J1: =Diario!H87 -> 712001-Vendas de Produtos | N1: 51001-Capital | R1: =Diario!H86 -> 2443001-Iva Liquidado | V1: =Diario!H109 -> 632001-Remunerações do Pesoal | Z1: =Diario!H110 -> 271201- Remunerações a Pagar Ao Pesoal
A2: 9 | B2: =G5 -> 50000 | C2: =Diario!J45 -> 5000 | D2: 11 | E2: 2 | F2: =O45 -> 3000000 | G2: =F45 -> 7510.5279 | H2: 5 | K2: =Diario!J87 -> 12715847 | L2: 19 | O2: =Diario!J4 -> 3000000 | P2: 1 | S2: =Diario!J86 -> 1907377 | T2: 19 | U2: 23 | V2: =Diario!I109 -> 2178600 | Y2: 27 | Z2: =AA2 -> 1995000 | AA2: =Diario!J110 -> 1995000 | AB2: 23
A3: 19 | B3: =Diario!I85 -> 14623224 | C3: =Diario!J59 -> 20000 | D3: 14 | E3: 4 | F3: =K45 -> 7000000 | G3: =Diario!J32 -> 193650 | H3: 8 | K3: =Diario!J170 -> 12429740 | L3: 31 | S3: =Diario!J169 -> 2193483.6 | T3: 31 | U3: 35 | V3: =Diario!I192 -> 2178600 | Y3: 39 | Z3: =Diario!I212 -> 1995000 | AA3: =Diario!J193 -> 1995000 | AB3: 35
A4: 31 | B4: =Diario!I168 -> 14623224 | C4: =B3 -> 14623224 | D4: 20 | E4: 20 | F4: =C4 -> 14623224 | G4: =N82 -> 10600 | H4: 3 | K4: =Diario!J242 -> 12429740 | L4: 43 | S4: =Diario!J241 -> 2193483.6 | T4: 43 | U4: 47 | V4: =V2 -> 2178600 | Y4: 51 | Z4: =AA4 -> 1995000 | AA4: =AA2 -> 1995000 | AB4: 47
A5: 43 | B5: =Diario!I240 -> 14623224 | C5: =B4 -> 14623224 | D5: 32 | E5: 32 | F5: =C5 -> 14623224 | G5: =Diario!J36 -> 50000 | H5: 9 | K5: =Diario!J326 -> 12715847 | L5: 57 | S5: =Diario!J325 -> 1907377 | T5: 57 | U5: 61 | V5: =Diario!I348 -> 2178600 | Y5: 65 | Z5: =Diario!I368 -> 1995000 | AA5: =Diario!J349 -> 1995000 | AB5: 61
A6: 57 | B6: =Diario!I323 -> 10000000 | C6: =B5 -> 14623224 | D6: 44 | E6: 44 | F6: =C6 -> 14623224 | G6: 1500000 | H6: 7
C7: =B6 -> 10000000 | D7: 58 | E7: 58 | F7: =C7 -> 10000000 | G7: =Diario!I23 -> 4545281.8 | H7: 6
G8: =Diario!J40 -> 180000 | H8: 10
G9: =N94 -> 50000 | H9: 12
G10: =Diario!J54 -> 5000 | H10: 13
G11: =Diario!J63 -> 8250 | H11: 15
G12: =Diario!J67 -> 4600 | H12: 16
G13: =Diario!J71 -> 500 | H13: 17
G14: =Diario!J77 -> 7983420 | H14: 18
G15: =Diario!J102 -> 408925 | H15: 21
G16: =Diario!J132 -> 2178600 | H16: 27
G17: =Diario!J136 -> 299250 | H17: 28
G18: =Diario!J142 -> 961050 | H18: 29
G19: =Diario!J146 -> 123750 | H19: 30
G20: =Diario!J185 -> 420300 | H20: 33
G21: =Diario!J160 -> 590285.69 | H21: 30.1
G22: =Diario!J215 -> 2178600 | H22: 39
G23: =Diario!J219 -> 299250 | H23: 40
G24: =Diario!J225 -> 961050 | H24: 41
G25: =Diario!J229 -> 123750 | H25: 42
G26: =Diario!J237 -> 7272336 | H26: 42.1
G27: =Diario!J165 -> 7272336 | H27: 30.2
G28: =Diario!J257 -> 458925 | H28: 45
G29: =Diario!J287 -> 2178600 | H29: 51
G30: =Diario!J291 -> 299250 | H30: 52
G31: =Diario!J297 -> 961050 | H31: 53
G32: =Diario!J301 -> 123750 | H32: 54
G33: =Diario!J307 -> 577341.37 | H33: 55
G34: =Diario!J320 -> 7279536 | H34: 56
G35: =Diario!J341 -> 420300 | H35: 59
G36: =Diario!J371 -> 2170600 | H36: 65
G37: =Diario!J375 -> 199500 | H37: 66
G38: =Diario!J381 -> 937700 | H38: 67
G39: =Diario!J385 -> 82500 | H39: 68
G40: =Diario!J391 -> 568434.79 | H40: 69
B41: =SUM(B2:B38) -> 53919672 | C41: =SUM(C2:C38) -> 53894672 | F41: =SUM(F2:F39) -> 63869672 | G41: =SUM(G2:G40) -> 53885782 | I41: 73 | J41: =K41 -> 50291175 | K41: =SUM(K2:K38) -> 50291175 | O41: =SUM(O2:O38) -> 3000000 | Q41: 71 | R41: =S41 -> 8201721.3 | S41: =SUM(S2:S38) -> 8201721.3 | V41: =SUM(V2:V38) -> 8714400 | W41: =V41 -> 8714400 | X41: 76 | Z41: =SUM(Z2:Z38) -> 7980000 | AA41: =SUM(AA2:AA38) -> 7980000
B42: =B41-C41 -> 25000 | F42: =F41-G41 -> 9983889.9 | AA42: =AA41-Z41 -> 0
B44: 433001 - Equip. B. | F44: 6237001 - D.c/ Seviços Bancário | J44: 2311001-Emp.Bancario | N44: 25101-Subscriçao | R44: =Diario!H105 -> 6225001- Seguros | V44: =Diario!H111 -> 2412001- Retenção do IUR-Trabalhador dependente | Z44: =Diario!H112 -> 248001-Segurança Social
A45: 6 | B45: =Diario!I23 -> 4545281.8 | C45: =B45*0.25 -> 1136320.4 | D45: 77 | E45: 5 | F45: =Diario!I19 -> 7510.5279 | I45: 30.1 | J45: =Diario!I157 -> 432874.23 | K45: =Diario!J16 -> 7000000 | L45: 4 | M45: 1 | N45: =O2 -> 3000000 | O45: =N45 -> 3000000 | P45: 2 | Q45: 22 | R45: =Diario!I105 -> 45000 | U45: 27 | V45: =Diario!I130 -> 24000 | W45: =Diario!J111 -> 24000 | X45: 23 | Y45: 27 | Z45: =Diario!I131 -> 159600 | AA45: =Diario!J112 -> 159600 | AB45: 23
E46: 30.1 | F46: =Diario!I159 -> 7200.8971 | I46: 55 | J46: =Diario!I304 -> 432874.23 | Q46: 34 | R46: =Diario!I188 -> 45000 | U46: 29 | V46: =W46 -> 70050 | W46: =Diario!J121 -> 70050 | X46: 25 | Y46: 28 | Z46: =Diario!I135 -> 299250 | AA46: =Z94 -> 299250 | AB46: 24
E47: 55 | F47: =Diario!I306 -> 6777.4785 | I47: 69 | J47: =Diario!I388 -> 432874.23 | Q47: 46 | R47: =Diario!I260 -> 45000 | U47: 39 | V47: =Diario!I213 -> 24000 | W47: =Diario!J194 -> 24000 | X47: 35 | Y47: 29 | Z47: =AA47 -> 66000 | AA47: =Diario!J122 -> 66000 | AB47: 25
E48: 69 | F48: =Diario!I390 -> 4337.8171 | Q48: 60 | R48: =Diario!I344 -> 45000 | U48: 41 | V48: =Diario!I223 -> 70050 | W48: =Diario!J204 -> 70050 | X48: 37 | Y48: 30 | Z48: =AA48 -> 123750 | AA48: =Diario!J126 -> 123750 | AB48: 26
U49: 51 | V49: =V45 -> 24000 | W49: =W45 -> 24000 | X49: 47 | Y49: 39 | Z49: =Diario!I214 -> 159600 | AA49: =Diario!J195 -> 159600 | AB49: 35
U50: 53 | V50: =V46 -> 70050 | W50: =W46 -> 70050 | X50: 49 | Y50: 40 | Z50: =Diario!I218 -> 299250 | AA50: =Diario!J199 -> 299250 | AB50: 36
U51: 65 | V51: =Diario!I369 -> 16000 | W51: =W49 -> 24000 | X51: 61 | Y51: 41 | Z51: =Diario!I224 -> 66000 | AA51: =Diario!J205 -> 66000 | AB51: 37
U52: 67 | V52: =Diario!I379 -> 46700 | W52: =W50 -> 70050 | X52: 63 | Y52: 42 | Z52: =Diario!I228 -> 123750 | AA52: =Diario!J209 -> 123750 | AB52: 38
Y53: 51 | Z53: =AA53 -> 159600 | AA53: =AA49 -> 159600 | AB53: 47
Y54: 52 | Z54: =AA54 -> 299250 | AA54: =Z98 -> 299250 | AB54: 48
Y55: 53 | Z55: =AA55 -> 66000 | AA55: =AA51 -> 66000 | AB55: 49
Y56: 54 | Z56: =AA56 -> 123750 | AA56: =AA52 -> 123750 | AB56: 50
Y57: 65 | Z57: =Diario!I370 -> 159600 | AA57: =AA53 -> 159600 | AB57: 61
Y58: 66 | Z58: =Diario!I374 -> 199500 | AA58: =AA54 -> 299250 | AB58: 62
Y59: 67 | Z59: =Diario!I380 -> 66000 | AA59: =AA55 -> 66000 | AB59: 63
Y60: 68 | Z60: =Diario!I384 -> 82500 | AA60: =Diario!J365 -> 123750 | AB60: 64
J62: =SUM(J45:J61) -> 1298622.7 | K62: =SUM(K45:K61) -> 7000000 | N62: =SUM(N45:N61) -> 3000000 | O62: =SUM(O45:O61) -> 3000000 | R62: =SUM(R45:R61) -> 180000 | S62: =R62 -> 180000 | T62: 76 | V62: =SUM(V45:V61) -> 344850 | W62: =SUM(W45:W61) -> 376200 | Z62: =SUM(Z45:Z61) -> 2453400 | AA62: =SUM(AA45:AA61) -> 2594400
B63: =SUM(B45:B62) -> 4545281.8 | C63: =SUM(C45:C62) -> 1136320.4 | D63: 77 | F63: =SUM(F45:F62) -> 25826.721 | G63: =F63 -> 25826.721 | H63: 76 | K63: =K62-J62 -> 5701377.3 | N63: =N62-O62 -> 0 | R63: =R62-S62 -> 0 | W63: =W62-V62 -> 31350 | AA63: =AA62-Z62 -> 141000
B64: =B63-C63 -> 3408961.3
B81: =Diario!H44 -> 2442301- Iva Dedutivel | F81: =Diario!H27 -> 434001 - Eq.Transporte | J81: =Diario!H31 -> 435001 - Eq.Administrativo | N81: =Diario!H12 -> 6888001-Outros Gastos | R81: =Diario!H97 -> 6219001- Lipenza, Higiene e Conforto | V81: =Diario!H100 -> 62138- Botijão de Gas | Z81: =Diario!H158 -> 691101-Juros Suportado F. Obitidos
A82: 11 | B82: =Diario!I44 -> 652.17391 | E82: 7 | F82: =Diario!I27 -> 1500000 | G82: =F82*0.125 -> 187500 | I82: 8 | J82: =Diario!I31 -> 193650 | K82: =J82*0.25 -> 48412.5 | M82: 3 | N82: =Diario!I12 -> 10600 | Q82: 21 | R82: =Diario!I97 -> 45000 | U82: 21 | V82: =Diario!I100 -> 35175 | Y82: 30.1 | Z82: =Diario!I158 -> 150210.56
A83: 13 | B83: =Diario!I53 -> 652.17391 | Q83: 33 | R83: =Diario!I180 -> 45000 | U83: 33 | V83: =Diario!I183 -> 35175 | Y83: 55 | Z83: =Diario!I305 -> 137689.66
A84: 14 | B84: =Diario!I58 -> 2608.6957 | Q84: 45 | R84: =Diario!I252 -> 45000 | U84: 45 | V84: =Diario!I255 -> 35175 | Y84: 69 | Z84: =Diario!I389 -> 131222.74
A85: 18 | B85: =Diario!I76 -> 1041315.7 | Q85: 59 | R85: =Diario!I336 -> 45000 | U85: 59 | V85: =Diario!I339 -> 35175
A86: 30.2 | B86: =Diario!I164 -> 948565.57
A87: 42.1 | B87: =Diario!I236 -> 948565.57
A88: 56 | B88: =Diario!I319 -> 949504.7
B89: =SUM(B82:B88) -> 3891864.5 | C89: =B89 -> 3891864.5 | D89: 70
F90: =SUM(F82:F89) -> 1500000 | G90: =SUM(G82:G89) -> 187500 | H90: 77 | J90: =SUM(J82:J89) -> 193650 | K90: =SUM(K82:K89) -> 48412.5 | L90: 77 | N90: =SUM(N82:N88) -> 10600 | O90: =N90 -> 10600 | P90: 76 | R90: =SUM(R82:R89) -> 180000 | S90: =R90 -> 180000 | T90: 76 | V90: =SUM(V82:V89) -> 140700 | W90: =V90 -> 140700 | X90: 76 | Z90: =SUM(Z82:Z89) -> 419122.95 | AA90: =Z90 -> 419122.95 | AB90: 76
F91: =F90-G90 -> 1312500 | J91: =J90-K90 -> 145237.5
B93: =Diario!H66 -> 6224001-Comuniçao | F93: =Diario!H39 -> 2622001-Credores por Acrescimo de Gasto | J93: =Diario!H43 -> 6218001-Livros e Doc. Tecnicas | N93: =Diario!H48 -> 6221001-Rendas e Aluguer | R93: =Diario!H70 -> 6211001- Agua | V93: =Diario!H99 -> 6227001-Segurança | Z93: =Diario!H115 -> 635001-Encargos sobre remunerações
A94: 16 | B94: =Diario!I66 -> 4600 | E94: 10 | F94: =G8 -> 180000 | G94: =R45 -> 45000 | H94: 22 | I94: 11 | J94: =Diario!I43 -> 4347.8261 | M94: 12 | N94: =Diario!I48 -> 50000 | Q94: 17 | R94: =Diario!I70 -> 250 | U94: 21 | V94: =Diario!I99 -> 54000 | Y94: 24 | Z94: =Diario!I115 -> 299250
A95: 21 | B95: =Diario!I96 -> 15000 | G95: =Diario!J189 -> 45000 | H95: 34 | M95: 21 | N95: =Diario!I98 -> 100000 | Q95: 21 | R95: =Diario!I94 -> 45000 | U95: 33 | V95: =Diario!I182 -> 54000 | Y95: 26 | Z95: =Diario!I125 -> 123750
A96: 33 | B96: =Diario!I179 -> 9000 | G96: =Diario!J261 -> 45000 | H96: 46 | M96: 33 | N96: =Diario!I181 -> 150000 | Q96: 33 | R96: =Diario!I177 -> 30000 | U96: 45 | V96: =Diario!I254 -> 54000 | Y96: 36 | Z96: =Diario!I198 -> 299250
A97: 45 | B97: =Diario!I251 -> 15000 | G97: =Diario!J345 -> 45000 | H97: 60 | M97: 45 | N97: =Diario!I253 -> 150000 | Q97: 45 | R97: =Diario!I249 -> 45000 | U97: 59 | V97: =Diario!I338 -> 54000 | Y97: 38 | Z97: =Diario!I208 -> 123750
A98: 59 | B98: =Diario!I335 -> 9000 | M98: 59 | N98: =Diario!I337 -> 150000 | Q98: 59 | R98: =Diario!I333 -> 30000 | Y98: 48 | Z98: =Z94 -> 299250
Y99: 50 | Z99: =Z97 -> 123750
Y100: 62 | Z100: =Z98 -> 299250
Y101: 64 | Z101: =Diario!I364 -> 123750
B102: =SUM(B94:B101) -> 52600 | C102: =B102 -> 52600 | D102: 76 | F102: =SUM(F94:F101) -> 180000 | G102: =SUM(G94:G101) -> 180000 | J102: =SUM(J94:J101) -> 4347.8261 | K102: =J102 -> 4347.8261 | L102: 76 | N102: =SUM(N94:N101) -> 600000 | O102: =N102 -> 600000 | P102: 76 | R102: =SUM(R94:R101) -> 150250 | S102: =R102 -> 150250 | T102: 76 | V102: =SUM(V94:V101) -> 216000 | W102: =V102 -> 216000 | X102: 76 | Z102: =SUM(Z94:Z101) -> 1692000 | AA102: =Z102 -> 1692000 | AB102: 76
G103: =F102-G102 -> 0
B106: =Diario!H52 -> 6217001-Publicidade e Propagandas | F106: =Diario!H57 -> 62138001- Outros Combustiveis | J106: =Diario!H62 -> 6298001- Outros forn. e serviços | N106: =Diario!H75 -> 3611001-Compra de Materias pri. e Subsidiária | R106: =Diario!H71 -> 6212001- Electricidade | V106: =Diario!H119 -> 631001- Remunerações dos Orgão Sociais | Z106: =Diario!H120 -> 271101- Remunerações a Pagar Orgão Sociais
A107: 13 | B107: =Diario!I52 -> 4347.8261 | E107: 14 | F107: =Diario!I57 -> 17391.304 | I107: 15 | J107: =Diario!I62 -> 8250 | M107: 18 | N107: =Diario!I75 -> 6942104.3 | O107: =DRE!C53 -> 3166284 | Q107: 17 | R107: =Diario!I71 -> 250 | U107: 25 | V107: =Diario!I119 -> 961050 | Y107: 29 | Z107: =AA107 -> 825000 | AA107: =Diario!J120 -> 825000 | AB107: 25
I108: 21 | J108: =Diario!I101 -> 24750 | M108: 30.2 | N108: =Diario!I163 -> 6323770.4 | Q108: 21 | R108: =Diario!I95 -> 90000 | U108: 37 | V108: =Diario!I202 -> 961050 | Y108: 41 | Z108: =Diario!I222 -> 825000 | AA108: =Diario!J203 -> 825000 | AB108: 37
I109: 42.1 | J109: =Diario!I184 -> 22125 | M109: 40.2 | N109: =Diario!I235 -> 6323770.4 | Q109: 33 | R109: =Diario!I178 -> 75000 | U109: 49 | V109: =V107 -> 961050 | Y109: 53 | Z109: =AA109 -> 825000 | AA109: =AA107 -> 825000 | AB109: 49
I110: 45 | J110: =Diario!I256 -> 24750 | M110: 56 | N110: =Diario!I318 -> 6330031.3 | Q110: 45 | R110: =Diario!I250 -> 90000 | U110: 63 | V110: =V109 -> 961050 | Y110: 67 | Z110: =Diario!I378 -> 825000 | AA110: =Diario!J359 -> 825000 | AB110: 63
I111: 59 | J111: =Diario!I340 -> 22125 | Q111: 59 | R111: =Diario!I334 -> 75000
B115: =SUM(B107:B114) -> 4347.8261 | C115: =B115 -> 4347.8261 | D115: 76 | F115: =SUM(F107:F114) -> 17391.304 | G115: =F115 -> 17391.304 | H115: 76 | J115: =SUM(J107:J114) -> 102000 | K115: =J115 -> 102000 | L115: 76 | N115: =SUM(N107:N114) -> 25919677 | O115: =SUM(O107:O114) -> 3166284 | P115: 74 | R115: =SUM(R107:R114) -> 330250 | S115: =R115 -> 330250 | T115: 76 | V115: =SUM(V107:V114) -> 3844200 | W115: =V115 -> 3844200 | X115: 76 | Z115: =SUM(Z107:Z114) -> 3300000 | AA115: =SUM(AA107:AA114) -> 3300000
N116: =N115-O115 -> 22753393 | O116: =N116 -> 22753393 | P116: 75 | AA116: =AA115-Z115 -> 0
B118: 2445001-IVA Apuramneto | F118: 2447001- Iva a Receber | J118: 5931001-RAI | N118: 3621001- Inventario | R118: 5933001- RESULTADOS LIQUIDOS APURAMENTO | V118: 581001- RESERVAS LEGAIS
A119: 70 | B119: =C89 -> 3891864.5 | C119: =R41 -> 8201721.3 | D119: 71 | G119: =B149 -> 4309856.8 | H119: 72 | I119: 75 | J119: =O116 -> 22753393 | K119: =K41 -> 50291175 | L119: 73 | M119: 74 | N119: =O115 -> 3166284 | Q119: 80 | R119: =S119*0.05 -> 355556.72 | S119: =J150 -> 7111134.5 | T119: 79 | W119: =R119 -> 355556.72 | X119: 80
I120: 76 | J120: =S102 -> 150250 | Q120: 81 | R120: =R119 -> 355556.72
I121: 76 | J121: =W102 -> 216000
I122: 76 | J122: =S115 -> 330250
I123: 76 | J123: =K115 -> 102000
I124: 76 | J124: =G115 -> 17391.304
I125: 76 | J125: =O102 -> 600000
...

Sheet Balancete
H1: Conta | J1: Descrição | K1: SALDO DEVEDOR | L1: SALDO CREDOR
H2: 11 | J2: ='Pesquisar Contas'!G37 -> 1100001-Caixa | K2: =Razão!B42 -> 25000
H3: 12 | J3: ='Pesquisar Contas'!G9 -> 1210001- Do BKK | K3: =Razão!F42 -> 9983889.9
J4: =Razão!V144 -> 211001- Cliente | K4: =Razão!V155 -> 4623224
H5: 23 | J5: ='Pesquisar Contas'!G20 -> 231101-Emprestimo Bancario | L5: =Razão!K63 -> 5701377.3
H6: 231 | J6: ='Pesquisar Contas'!G108 -> 2412001- Retenção do IUR-Trabalhador dependente | L6: =Razão!W63 -> 31350
H7: 2311 | J7: ='Pesquisar Contas'!G46 -> 2442301- Iva Dedutivel | K7: =Razão!B89 -> 3891864.5
H8: 241 | J8: ='Pesquisar Contas'!G83 -> 2443001-Iva Liquidado | L8: =Razão!S41 -> 8201721.3
H9: 242 | J9: ='Pesquisar Contas'!G109 -> 248001-Segurança Social | L9: =Razão!AA63 -> 141000
H10: 243 | J10: 2510002 - C/Subscrição | K10: =Razão!N63 -> 0
H11: 2436 | J11: ='Pesquisar Contas'!G41 -> 2622001-Credores por Acrescimo de Gasto | L11: =Razão!G103 -> 0
H12: 2437 | J12: ='Pesquisar Contas'!G117 -> 271101- Remunerações a Pagar Orgão Sociais | L12: =Razão!AA116 -> 0
H13: 2438 | J13: ='Pesquisar Contas'!G107 -> 271201- Remunerações a Pagar Ao Pesoal | L13: =Razão!AA42 -> 0
H14: 2439 | J14: ='Pesquisar Contas'!G75 -> 3611001-Compra de Materias pri. e Subsidiária | K14: =Razão!N115 -> 25919677
H15: 244 | J15: ='Pesquisar Contas'!G27 -> 433001 - Equipamentos Basicos | K15: =Razão!B63 -> 4545281.8
H16: 245 | J16: ='Pesquisar Contas'!G31 -> 434001 - Eq.Transporte | K16: =Razão!F90 -> 1500000
H17: 25 | J17: ='Pesquisar Contas'!G34 -> 435001 - Eq.Administrativo | K17: =Razão!J90 -> 193650
H18: 251 | J18: ='Pesquisar Contas'!G6 -> 5210001- Capital Social | L18: =Razão!O41 -> 3000000
H19: 2511 | J19: ='Pesquisar Contas'!G70 -> 6211001- Agua | K19: =Razão!R102 -> 150250
H20: 25111 | J20: ='Pesquisar Contas'!G92 -> 6212001- Electricidade | K20: =Razão!R115 -> 330250
J21: =Razão!V81 -> 62138- Botijão de Gas | K21: =Razão!V90 -> 140700
H22: 2581 | J22: ='Pesquisar Contas'!G54 -> 6217001-Publicidade e Propagandas | K22: =Razão!B115 -> 4347.8261
H23: 261 | J23: ='Pesquisar Contas'!G45 -> 6218001-Livros e Doc. Tecnicas | K23: =Razão!J102 -> 4347.8261
H24: 262 | J24: ='Pesquisar Contas'!G170 -> 6219001- Lipenza, Higiene e Conforto | K24: =Razão!R62 -> 180000
H25: 263 | J25: ='Pesquisar Contas'!G95 -> 6221001- Renda e Aluguer | K25: =Razão!N102 -> 600000
H26: 264 | J26: ='Pesquisar Contas'!G66 -> 6224001-Comuniçao | K26: =Razão!B102 -> 52600
H27: 265 | J27: ='Pesquisar Contas'!G102 -> 6225001- Seguros | K27: =Razão!R62 -> 180000
H28: 272 | J28: ='Pesquisar Contas'!G96 -> 6227001-Segurança | K28: =Razão!V102 -> 216000
J29: 62138001- Outros Combustiveis | K29: =Razão!F115 -> 17391.304
H30: 2721 | J30: ='Pesquisar Contas'!G98 -> 6298- Outros FSE | K30: =Razão!J115 -> 102000
H31: 27211 | J31: ='Pesquisar Contas'!G116 -> 631001- Remunerações dos Orgão Sociais | K31: =Razão!V115 -> 3844200
H32: 27219 | J32: ='Pesquisar Contas'!G106 -> 632001-Remunerações do Pesoal | K32: =Razão!V41 -> 8714400
H33: 2722 | J33: ='Pesquisar Contas'!G112 -> 635001-Encargos sobre remunerações | K33: =Razão!Z102 -> 1692000
H34: 27221 | J34: ='Pesquisar Contas'!G23 -> 6640004 - Despesas com Seviços Bancarios | K34: =Razão!F63 -> 25826.721
H35: 27222 | J35: ='Pesquisar Contas'!G16 -> 6888001-Outros Gastos | K35: =Razão!N90 -> 10600
H36: 27223 | J36: ='Pesquisar Contas'!G147 -> 691101-Juros Suportado F. Obitidos | K36: =Razão!Z90 -> 419122.95
H37: 27229 | J37: ='Pesquisar Contas'!G84 -> 712001-Vendas de Produtos | L37: =Razão!K41 -> 50291175
J38: TOTAL | K38: =SUM(K2:K37) -> 67366623 | L38: =SUM(L2:L37) -> 67366623
L39: =L38-K38 -> 0

Sheet DRE
A1: Entidade: CCCV, SA
A2: DEMONSTRAÇÃO INDIVIDUAL DOS RESULTADOS POR NATUREZAS
A3: PERÍODO FINDO em Dezembro de 2012
A4: RENDIMENTOS E GASTOS | C4: PERIODOS
C5: 41244 | D5: 40878
A6: Vendas e serviços prestados | C6: =Balancete!L37 -> 50291175
A7: Subsídios à exploração | C7: 0
A8: Ganhos/perdas imputados de subsidiárias, associadas e empreendimentos conjuntos | C8: 0
A9: Variação nos inventários da produção | C9: 0
A10: Trabalhos para a própria entidade | C10: 0
A11: Custo das mercadorias vendidas e das matérias consumidas | C11: =-C55 -> -22753393
A12: Fornecimentos e serviços externos | C12: =-(SUM(Razão!J120:J127,Razão!J129,Razão!J134,Razão!J136,Razão!J138)) -> -1977887
A13: Gastos com o pessoal | C13: =-SUM(Razão!J130,Razão!J131,Razão!J133) -> -14250600
A14: Imparidade de inventários (perdas/reversões) | C14: 0
A15: Imparidade de dívidas a receber (perdas/reversões) | C15: 0
A16: Provisões (aumentos/reduções) | C16: 0
A17: Imparidade de activos não depreciáveis/amortizáveis (perdas/reversões) | C17: 0
A18: Aumentos/reduções de justo valor | C18: 0
A19: Outros rendimentos e ganhos | C19: 0
A20: Outros gastos e perdas | C20: =-(Razão!N90) -> -10600
A22: Resultado antes de depreciações, gastos de financiamento e impostos | C22: =SUM(C6:C20) -> 11298695
A24: Gastos/reversões de depreciação e de amortização | C24: =Razão!N147 -> 1372232.9
A25: Imparidade de activos depreciáveis/amortizáveis (perdas/reversões) | C25: 0
A27: Resultado operacional (antes de gastos de financiamento e impostos) | C27: =C22-C24 -> 9926462.3
A29: Juros e rendimentos similares obtidos
A30: Juros e gastos similares suportados | C30: =SUM(Balancete!K36,Balancete!K34) -> 444949.67
A32: Resultado antes de impostos | C32: =C27-SUM(C28:C31) -> 9481512.6
A34: Imposto sobre o rendimento do período | C34: =C32*0.25 -> 2370378.2
A36: Resultado líquido do período | C36: =C32-C34 -> 7111134.5
A39: Resultado das actividades descontinuadas (líquido de impostos) incluído no resultado | C39: 0
A40: líquido do período
A44: Demonstração do custo das mercadorias vendidas e das matérias consumidas | C44: 41244
A45: Existências Iniciais | C45: 0
A46: Mercadorias | C46: 0
A47: Matérias-primas, subsidiárias e de consumo | C47: 0
A48: Compras | C48: 0
A49: Mercadorias | C49: 0
A50: Matérias-primas, subsidiárias e de consumo | C50: =Balancete!K14 -> 25919677
A51: Existências Finais | C51: 0
A52: Mercadorias | C52: 0
A53: Matérias-primas, subsidiárias e de consumo | C53: ='[5]Orçamento de compra'!$H$66 -> 3166284
A54: Reclassificação e regularização de inventários e activos biológicos | C54: 0
A55: Custo do período | C55: =C50-C53 -> 22753393
A58: Demonstração da variação nos inventários da produção | C58: =C44 -> 41244
A59: Existências Finais | C59: 0
A60: Produtos acabados e intermédios | C60: 0
A61: Subprodutos, desperdícios, resíduos e refugos | C61: 0
A62: Produtos e trabalhos em curso | C62: 0
A63: Existências Iniciais | C63: 0
A64: Produtos acabados e intermédios | C64: 0
A65: Subprodutos, desperdícios, resíduos e refugos | C65: 0
A66: Produtos e trabalhos em curso | C66: 0
A67: Reclassificação e regularização de inventários e activos biológicos | C67: 0
A68: Aumento / Redução no exercício | C68: 0

Sheet BALANÇO FINAL
D2: Entidade: CCCV, SA
D3: BALANÇO INICAL
G4: ECV
D5: RUBRICAS | E5: NOTAS | F5: DATAS
F6: N | G6: N-1
D7: ACTIVO
D8: Activo não corrente
D9: Activos fixos tangíveis | F9: ='BALANÇO INCIAL'!F7-DRE!C24 -> 4866698.8 | G9: 0
D10: Propriedades de investimento | F10: 0 | G10: 0
D11: Goodwill | F11: 0 | G11: 0
D12: Activos intangíveis | F12: ='[3]Activos Tangiveis'!E51 -> 0 | G12: 0
D13: Activos biológicos | F13: 0 | G13: 0
D14: Participações financeiras - método da equivalência patrimonial | F14: 0 | G14: 0
D15: Participações financeiras - outros métodos | F15: 0 | G15: 0
D16: Accionistas/sócios | F16: 0 | G16: 0
D17: Outras contas a receber | G17: 0
D18: Outros activos financeiros | F18: 0 | G18: 0
D19: Activos por impostos diferidos | F19: 0 | G19: 0
D20: Subtotal | F20: =SUM(F9:F19) -> 4866698.8 | G20: 0
D21: Activo corrente
D22: Inventários | F22: =DRE!C53 -> 3166284 | G22: 0
D23: Activos biológicos | F23: 0 | G23: 0
D24: Clientes | F24: 0 | G24: 0
D25: Adiantamentos a fornecedores | F25: 0 | G25: 0
D26: Estado e outros entes públicos | G26: 0
D27: Accionistas/sócios | F27: 0 | G27: 0
D28: Outras contas a receber | F28: 0 | G28: 0
D29: Diferimentos | F29: =Razão!G103 -> 0 | G29: 0
D30: Activos financeiros detidos para negociação | F30: 0 | G30: 0
D31: Outros activos financeiros | F31: 0 | G31: 0
D32: Activos não correntes detidos para venda | F32: 0 | G32: 0
D33: Caixa e depósitos bancários | F33: =SUM(Balancete!K2:K3) -> 10008890 | G33: 0
D34: Subtotal | F34: =SUM(F22:F33) -> 13175174 | G34: 0
D35: Total do activo | F35: =SUM(F34,F20) -> 18041873 | G35: 0
D36: CAPITAL PRÓPRIO E PASSIVO
D37: Capital próprio
D38: Capital realizado | F38: =Balancete!L18 -> 3000000 | G38: 0
D39: Acções (quotas) próprias | F39: 0 | G39: 0
D40: Outros instrumentos de capital próprio | F40: 0 | G40: 0
D41: Prémios de emissão | F41: 0 | G41: 0
D42: Reservas legais | F42: =Razão!W128 -> 355556.72 | G42: 0
D43: Outras reservas | F43: =Razão!W143 -> 355556.72 | G43: 0
D44: Resultados transitados | F44: =Razão!AA143 -> 0 | G44: 0
D45: Ajustamentos em activos financeiros | F45: 0 | G45: 0
D46: Excedentes de revalorização | F46: 0 | G46: 0
D47: Outras variações no capital próprio | F47: 0 | G47: 0
D48: Resultado líquido do período | F48: =Razão!S129 -> 6400021 | G48: 0
D49: Interesses minoritários | F49: 0 | G49: 0
D50: Total do capital próprio | F50: =SUM(F36:F48) -> 10111134 | G50: 0
D51: Passivo
D52: Passivo não corrente
D53: Provisões | G53: 0
D54: Financiamentos obtidos | F54: =Balancete!L5 -> 5701377.3 | G54: 0 | H54: =F74-F35 -> 4623224
D55: Responsabilidades por benefícios pós-emprego | F55: 0 | G55: 0
D56: Estado e outros entes públicos | F56: 0 | G56: 0
D57: Accionistas/sócios | F57: 0 | G57: 0
D58: Passivos por impostos diferidos | F58: 0 | G58: 0
D59: Outras contas a pagar | G59: 0
D60: Subtotal | F60: =SUM(F51:F59) -> 5701377.3 | G60: 0
D61: Passivo corrente
D62: Fornecedores | F62: 0 | G62: 0
D63: Adiantamentos de clientes | G63: 0
D64: Estado e outros entes públicos | F64: =SUM(Razão!W63,Razão!AA63)+Razão!G149 -> 4482206.8 | G64: 0
D65: Accionistas/sócios | G65: 0
D66: Financiamentos obtidos | G66: 0
D67: Outras contas a pagar | F67: =SUM(DRE!C139,DRE!C34)+SUM(Razão!AA116,Razão!AA42) -> 2370378.2 | G67: 0
D68: Diferimentos | G68: 0
D69: Passivos financeiros detidos para negociação | F69: 0 | G69: 0
D70: Outros passivos financeiros | F70: 0 | G70: 0
D71: Passivos não correntes detidos para venda
D72: subtotal | F72: =SUM(F61:F71) -> 6852584.9 | G72: 0
D73: Total do passivo | F73: =SUM(F60,F72) -> 12553962 | G73: 0
D74: Total do capital próprio e do passivo | F74: =SUM(F50,F73) -> 22665097 | G74: 0
F78: 0 | G78: 0

Sheet Fluxo de Caixa
B1: Entidade: Restaurante Bar Calhau, SA
B2: DEMONSTRAÇÃO INDIVIDUAL DE FLUXOS DE CAIXA
B3: PERÍODO FINDO em Dezembro DE 2012
B5: RUBRICAS | C5: NOTAS | D5: PERIODOS
D6: 41244 | E6: 40878
B7: Fluxos de caixa das actividades operacionais - método directo
B8: Recebimentos de clientes | D8: =Balancete!L37 -> 50291175 | E8: 0
B9: Pagamentos a fornecedores | D9: =-SUM(DRE!C55)+DRE!C12+126886.72 -> -24604393 | E9: 0
B10: Pagamentos ao pessoal | D10: =DRE!C13 -> -14250600 | E10: 0
B11: Caixa gerada pelas operações | D11: =SUM(D8:D10) -> 11436182 | E11: =E8-E9-E10 -> 0
B12: Pagamento/recebimento do imposto sobre o rendimento | E12: 0
B13: Outros recebimentos/pagamentos | D13: -126886.72 | E13: 0
B14: Fluxos de caixa das actividades operacionais (1) | D14: =SUM(D11:D13) -> 11309295 | E14: 0
B15: Fluxos de caixa das actividades de investimento
B16: Pagamentos respeitantes a:
B17: Activos fixos tangíveis | E17: 0
B18: Activos intangíveis | D18: 0 | E18: 0
B19: Investimentos financeiros | D19: 0 | E19: 0
B20: Outros activos | D20: 0 | E20: 0
B21: Recebimentos provenientes de:
B22: Activos fixos tangíveis | D22: 0 | E22: 0
B23: Activos intangíveis | D23: 0 | E23: 0
B24: Investimentos financeiros | D24: 0 | E24: 0
B25: Outros activos | D25: 0 | E25: 0
B26: Subsídios ao investimento | D26: 0 | E26: 0
B27: Juros e rendimentos similares | D27: 0 | E27: 0
B28: Dividendos | D28: 0 | E28: 0
B29: Fluxos de caixa das actividades de investimento (2) | D29: =D17 -> 0 | E29: 0
B30: Fluxos de caixa das actividades de financiamento
B31: Recebimentos provenientes de:
B32: Financiamentos obtidos | E32: 0
B33: Realizações de capital e de outros instrumentos de capital próprio | E33: 0
B34: Cobertura de prejuízos | D34: 0 | E34: 0
B35: Doações | D35: 0 | E35: 0
B36: Outras operações de financiamento | D36: 0 | E36: 0
B37: Pagamentos respeitantes a: | E37: 0
B38: Financiamentos obtidos | D38: =-Razão!J62 -> -1298622.7 | E38: 0
B39: Juros e gastos similares | D39: =-SUM(Balancete!K36,Balancete!K34) -> -444949.67 | E39: 0
B40: Dividendos | D40: 0 | E40: 0
B41: Reduções de capital e de outros instrumentos de capital próprio | D41: 0 | E41: 0
B42: Outras operações de financiamento | D42: 0 | E42: 0
B43: Fluxos de caixa das actividades de financiamento (3) | D43: =SUM(D31:D42) -> -1743572.4 | E43: 0
B45: Variação de caixa e seus equivalentes (1+2+3) | D45: =D14+D43 -> 9565722.9 | E45: 0
B46: Efeito das diferenças de câmbio | D46: 0 | E46: 0
B47: Caixa e seus equivalentes no início do período | D47: ='BALANÇO INCIAL'!F31 -> 3761068.2 | E47: 0
B48: Caixa e seus equivalentes no fim do período | D48: 8056904.3 | E48: 0

Sheet Balanço 
B1: Entidade: CCCV, SA
B2: Balanço (individual ) em 31.12.N e PREVISÂO
A3: CÓDIGO DE CONTAS | B3: RUBRICAS | C3: Notas | D3: 2012
D4: 31.12.2012 | E4: PREVISÂO
B5: ACTIVO
B6: Activo não corrente
A7: 43+453+455-459 | B7: Activos fixos tangíveis | C7: 1 | D7: ='BALANÇO INCIAL'!F7-DRE!C24 -> 4866698.8 | E7: ='[7]Balanço '!$D$7 -> 4954198.8
A8: 42+455+452-459 | B8: Propriedades de investimento
A9: 441 | B9: Goodwill
A10: 44(excepto 441)+454+455-459 | B10: Activos intangíveis
A11: 372 | B11: Activos biológicos
A12: 4111+4121+4131-419 | B12: Participações financeiras - Método da equivalência patrimonial
A13: 4112+4122+4132+4141-419 | B13: Participações financeiras - Outros métodos
A14: 266+268-269 | B14: Accionistas/Sócios
A15: 4113+4123+4133+4142+415-419+451+455-459 | B15: Outros activos financeiros
A16: 2741 | B16: Activos por impostos diferidos
D17: =SUM(D7:D16) -> 4866698.8 | E17: =SUM(E7:E16) -> 4954198.8
B18: Activo corrente
A19: 32+33+34+35+36+39 | B19: Inventários | C19: 2 | D19: ='ANEXO 2'!B10 -> 3166284 | E19: ='[7]Balanço '!D19 -> 3166284
A20: 371 | B20: Activos biológicos | E20: ='[7]Balanço '!D20 -> 0
A21: 211+212-219 | B21: Clientes | C21: 3 | D21: =Balancete!K4 -> 4623224 | E21: ='[7]Balanço '!D21 -> 1306494
A22: 228-229+2713-279 | B22: Adiantamentos a fornecedores | E22: ='[7]Balanço '!D22 -> 0
A23: 24 | B23: Estado e outros entes públicos | E23: ='[7]Balanço '!D23 -> 0
A24: 263+268-269 | B24: Accionistas/Sócios | E24: ='[7]Balanço '!D24 -> 0
A25: 232+238-239+2721+278-279 | B25: Outras contas a receber | E25: ='[7]Balanço '!D25 -> 0
A26: 281 | B26: Diferimentos | E26: ='[7]Balanço '!D26 -> 0
A27: 1411+1421 | B27: Activos financeiros detidos para negociação | E27: ='[7]Balanço '!D27 -> 0
A28: 1431 | B28: Outros activos financeiros | E28: ='[7]Balanço '!D28 -> 0
A29: 46 | B29: Activos não correntes detidos para venda | E29: ='[7]Balanço '!D29 -> 0
A30: 11+12+13 | B30: Caixa e depósitos bancários | C30: =C21+1 -> 4 | D30: =SUM(Balancete!K2:K3) -> 10008890 | E30: ='[7]Balanço '!D30 -> 5522492.8
D31: =SUM(D19:D30) -> 17798398 | E31: =SUM(E19:E30) -> 9995270.8
B32: Total do ACTIVO | D32: =D17+D31 -> 22665097 | E32: =E17+E31 -> 14949470
B33: CAPITAL PRÓPRIO E PASSIVO
B34: CAPITAL PRÓPRIO
A35: 51-261-262 | B35: Capital realizado | C35: =C30+1 -> 5 | D35: ='BALANÇO INCIAL'!F36 -> 3000000 | E35: ='[7]Balanço '!D35 -> 3000000
A36: 52 | B36: Acções (quotas) próprias | E36: ='[7]Balanço '!D36 -> 0
A37: 53 | B37: Outros instrumentos de capital próprio | E37: ='[7]Balanço '!D37 -> 0
A38: 54 | B38: Prémios de emissão | E38: ='[7]Balanço '!D38 -> 0
A39: 551 | B39: Reservas legais | D39: =Razão!R119 -> 355556.72 | E39: ='[7]Balanço '!D39 -> 178660.47
A40: 552 | B40: Outras reservas | D40: =Razão!R120 -> 355556.72 | E40: ='[7]Balanço '!D40 -> 178660.47
A41: 56 | B41: Resultados transitados | D41: =Razão!S129 -> 6400021 | E41: ='[7]Balanço '!D41 -> 0
A42: 57 | B42: Ajustamentos em activos financeiros | E42: ='[7]Balanço '!D42 -> 0
A43: 58 | B43: Excedentes de revalorização | E43: ='[7]Balanço '!D43 -> 0
A44: 59 | B44: Outras variações no capital próprio | E44: ='[7]Balanço '!D44 -> 0
A45: 818 | B45: Resultado líquido do período | E45: ='[7]Balanço '!D45 -> 3215888.5
B46: Interesses minoritários | E46: ='[7]Balanço '!D46 -> 0
B47: Total do Capital Próprio | D47: =SUM(D35:D46) -> 10111134 | E47: =SUM(E35:E46) -> 6573209.5
B49: PASSIVO
B50: Passivo não corrente
A51: 29 | B51: Provisões
A52: 25 | B52: Financiamentos obtidos | C52: 6 | D52: =Balancete!L5 -> 5701377.3 | E52: ='[7]Balanço '!$D$52 -> 4087562.3
A53: 273 | B53: Responsabilidades por benefícios pós-emprego
A54: 2742 | B54: Passivos por impostos diferidos
A55: 237+2711+2712+275 | B55: Outras contas a pagar
D56: =SUM(D51:D55) -> 5701377.3 | E56: =SUM(E51:E55) -> 4087562.3
B57: Passivo corrente
A58: 221+222+225 | B58: Fornecedores
A59: 218+276 | B59: Adiantamentos de clientes
A60: 24 | B60: Estado e outros entes públicos | C60: 7 | D60: =SUM(Razão!W63,Razão!AA63)+Razão!G149 -> 4482206.8 | E60: ='[7]Balanço '!D60 -> 3097628.1
A61: 264+265+268 | B61: Accionistas/Sócios | E61: ='[7]Balanço '!D61 -> 0
A62: 25 | B62: Financiamentos obtidos | E62: ='[7]Balanço '!D62 -> 0
A63: 231+238+2711+2712+2722+278 | B63: Outras contas a pagar | C63: 8 | D63: =SUM(DRE!C139,DRE!C34)+SUM(Razão!AA116,Razão!AA42) -> 2370378.2 | E63: ='[7]Balanço '!D63 -> 1191069.8
A64: 282+283 | B64: Diferimentos
A65: 1412+1422 | B65: Passivos financeiros detidos para negociação
A66: 1432 | B66: Outros passivos financeiros
B67: Passivos não correntes detidos para venda
D68: =SUM(D58:D67) -> 6852584.9 | E68: =SUM(E58:E67) -> 4288697.9
B69: Total do Passivo | D69: =D56+D68 -> 12553962 | E69: =E56+E68 -> 8376260.2
B70: Total do Capital Próprio e do Passivo | D70: =D69+D47 -> 22665097 | E70: =E69+E47 -> 14949470
A71: (1) - O Euro, admitindo-se, em função da dimensão e exigências de relato, a possibilidade de expressão das quantias em milhares de Euros
B73: Controlo | D73: =D32-D70 -> 0 | E73: =E32-E70 -> 0

Sheet DRN 
B1: Entidade:CCCV, SA
B2: Demonstração (individual ) dos resultados por naturezas do período findo em 31.12.N e Previsão
A3: CÓDIGO DE CONTAS | B3: RENDIMENTOS E GASTOS | D3: NOTAS | E3: 2012
E4: ='Balanço '!D4 -> 31.12.2012 | F4: ='Balanço '!E4 -> PREVISÂO
A6: +71+72 | B6: Vendas e serviços prestados | C6: + | D6: 9 | E6: =Balancete!L37 -> 50291175 | F6: ='[7]DRN '!E6 -> 45443270
A7: +75 | B7: Subsídios à exploração | C7: + | F7: ='[7]DRN '!E7 -> 0
A8: +73 | B8: Variação nos inventários da produção | C8: +/- | F8: ='[7]DRN '!E8 -> 0
A9: +74 | B9: Trabalhos para a própria entidade | C9: + | F9: ='[7]DRN '!E9 -> 0
A10: -61 | B10: Custo das mercadorias vendidas e matérias consumidas | C10: - | E10: =-'ANEXO 2'!B12 -> -22753393 | F10: ='[7]DRN '!E10 -> -22753393
A11: -62 | B11: Fornecimentos e serviços externos | C11: - | E11: =-(SUM(Razão!J120:J127,Razão!J129,Razão!J134,Razão!J136,Razão!J138)) -> -1977887 | F11: ='[7]DRN '!E11 -> -1978439.1
A12: -63 | B12: Gastos com pessoal | C12: - | E12: =-SUM(Razão!J130,Razão!J131,Razão!J133) -> -14250600 | F12: ='[7]DRN '!E12 -> -14250600
A13: -652+7622 | B13: Imparidades de inventários (perdas/reversões) | C13: -/+ | F13: ='[7]DRN '!E13 -> 0
A14: -651+7621 | B14: Imparidades de dívidas a receber (perdas/reversões) | C14: -/+ | F14: ='[7]DRN '!E14 -> 0
A15: -67+763 | B15: Provisões (aumentos/reduções) | C15: -/+ | F15: ='[7]DRN '!E15 -> 0
A16: -653-654-655-656-657+7623+7624+7625+7626+7627 | B16: Outras imparidades (perdas/reversões) | C16: -/+ | F16: ='[7]DRN '!E16 -> 0
A17: +77-66 | B17: Aumentos/Reduções de justo valor | C17: +/- | F17: ='[7]DRN '!E17 -> 0
A18: +78(excepto 785)+791(excepto 7915)+798 | B18: Outros rendimentos e ganhos | C18: + | F18: ='[7]DRN '!E18 -> 0
A19: -68(excepto 685)-6918-6928-6988 | B19: Outros gastos e perdas | C19: - | D19: 10 | E19: =-Balancete!K35 -> -10600 | F19: ='[7]DRN '!E19 -> -20000
B20: Resultado antes de depreciações, gastos de financiamento e impostos | C20: = | E20: =SUM(E6:E19) -> 11298695 | F20: =SUM(F6:F19) -> 6440837.9
A21: -64+761 | B21: Gastos/reversões de depreciação e de amortização | C21: -/+ | E21: =-Razão!N147 -> -1372232.9 | F21: ='[7]DRN '!$E$21 -> -1384732.9
B22: Resultado operacional (antes de gastos de financiamento e impostos) | C22: = | E22: =E20+E21 -> 9926462.3 | F22: =F20+F21 -> 5056105
A23: +7915 | B23: Juros e rendimentos similares obtidos | C23: +
A24: -6911-6921-6981 | B24: Juros e gastos similares suportados | C24: - | E24: =-DRE!C30 -> -444949.67 | F24: ='[7]DRN '!$E$24 -> -291825.68
A25: 811 | B25: Resultado antes de impostos | C25: = | E25: =E22+E23+E24 -> 9481512.6 | F25: =F22+F23+F24 -> 4764279.3
A26: 812 | B26: Imposto sobre rendimento do período | C26: -/+ | E26: =-DRE!C34 -> -2370378.2 | F26: ='[7]DRN '!$E$26 -> -1191069.8
A27: 818 | B27: Resultado liquido do período | C27: = | E27: =E25+E26 -> 7111134.5 | F27: =F25+F26 -> 3573209.5

Sheet Pesquisar Contas
F1: Data | G1: Conta /Designação | H1: Débito | I1: Crédito
F2: 2 de Jan | G2: 2510001 - Adimir c/Subscrição | H2: 500000
G3: 2510002 - Eldair c/Subscrição | H3: 500000
G4: 2510003 - Ivânio c/Subscrição | H4: 500000
G5: 2510004 - Josileida c/Subscrição | H5: 500000
G6: 5210001- Capital Social | I6: 2000000
G7: H Pela subscriçao do capital de Restaurante Bar Calhau, SA
G9: 1210001- Do BKK | H9: 2000000
G10: =G2 -> 2510001 - Adimir c/Subscrição | I10: =H2 -> 500000
G11: =G3 -> 2510002 - Eldair c/Subscrição | I11: =H3 -> 500000
G12: =G4 -> 2510003 - Ivânio c/Subscrição | I12: =H4 -> 500000
G13: =G5 -> 2510004 - Josileida c/Subscrição | I13: =H5 -> 500000
G14: H Pela Realizaçao do Capital Subscrito - Dinheiro
G16: 6888001-Outros Gastos | H16: 10600
G17: =G19 -> 12001-Deposito a Ordem | I17: 10600
G18: H pelas Despesas de instalação da Propriedade industrial
G19: 12001-Deposito a Ordem | H19: 1500000
G20: 231101-Emprestimo Bancario | I20: 1500000
G21: H Pelo Emprestimo Bancario
G23: 6640004 - Despesas com Seviços Bancarios | H23: =SUM('[8]Orçamento de tesouraria'!$D$29:$D$30) -> 3296.747
G24: 1210001 - Do BKK | I24: =H23 -> 3296.747
G25: H Pelo pagamento Despesas c\ serviços BKK
G27: 433001 - Equipamentos Basicos | H27: =I28 -> 929496
G28: =G19 -> 12001-Deposito a Ordem | I28: 929496
G29: H Pela Aquisiçao Equip. Basicos
G31: 434001 - Eq.Transporte | H31: =I32 -> 1500000
G32: 1210001 - Do BKK | I32: 1500000
G33: H Pela aquisição de Equipamento Transporte
G34: 435001 - Eq.Administrativo | H34: =I35 -> 35500
G35: 1210001 - Do BKK | I35: 35500
G36: H Pela c\ Equipamento administrativo
G37: 1100001-Caixa | H37: =I38 -> 50000
G38: =G28 -> 12001-Deposito a Ordem | I38: 50000
G39: H Pela transferencia do Saldo de deposito a Ordem p\ Caixa
G41: 2622001-Credores por Acrescimo de Gasto | H41: =I42 -> 180000
G42: =G38 -> 12001-Deposito a Ordem | I42: =15000*12 -> 180000
G43: H Pelo Pagamento de seguros Contra Todos os Risco
G45: 6218001-Livros e Doc. Tecnicas | H45: =I47/1.15 -> 4347.8261
G46: 2442301- Iva Dedutivel | H46: =H45*0.15 -> 652.17391
G47: =G37 -> 1100001-Caixa | I47: 5000
G48: H Pela aquisição de Livros e Documentações Tecnicas
G50: 6221001-Rendas | H50: =[3]FSE!$C$12 -> 50000
G51: =G42 -> 12001-Deposito a Ordem | I51: =H50 -> 50000
G52: H Pelo Pagamento da Aluguel
G54: 6217001-Publicidade e Propagandas | H54: =I56/1.15 -> 4347.8261
G55: =G46 -> 2442301- Iva Dedutivel | H55: =H54*0.15 -> 652.17391
G56: =G51 -> 12001-Deposito a Ordem | I56: 5000
G57: H Pelo pagamento de Publicidade e Propaganda
G59: 62138001- Outros Combustiveis | H59: =I61/1.15 -> 10195.652
G60: =G55 -> 2442301- Iva Dedutivel | H60: =H59*0.15 -> 1529.3478
G61: =G47 -> 1100001-Caixa | I61: 11725
G62: H Pela compra do Gas para a cozinha
G63: 6298001- Outros forn. e serviços | H63: =[3]FSE!$C$18 -> 8250
G64: =G56 -> 12001-Deposito a Ordem | I64: =H63 -> 8250
G65: H Pelo Pagamento de outros Fornecimentos de serviços
G66: 6224001-Comuniçao | H66: 4600
G67: =G64 -> 12001-Deposito a Ordem | I67: =H66 -> 4600
G68: H Pago CV Telecom- Contrato telefone e Internet
G70: 6211001- Agua | H70: 250
G71: 6212001- Electricidade | H71: 250 | I71: =SUM(H70:H71) -> 500
G72: =G67 -> 12001-Deposito a Ordem
G73: H Pago Electra - Contrato Electricidade e Agua
F75: 4 de Jan | G75: 3611001-Compra de Materias pri. e Subsidiária | H75: =I77/1.15 -> 1739130.4
G76: =G60 -> 2442301- Iva Dedutivel | H76: =H75*0.15 -> 260869.57
G77: =G64 -> 12001-Deposito a Ordem | I77: 2000000
G78: H Pela Compra das Materias primas e Subsidiária
G81: VALORES DO 1º TRIMESTRE
G82: =G61 -> 1100001-Caixa | H82: =SUM(I83:I84) -> 5378995.4
G83: 2443001-Iva Liquidado | I83: =I84*0.06 -> 304471.44
G84: 712001-Vendas de Produtos | I84: ='[3]Programa e Orçamento de venda '!$F$26 -> 5074524
G85: H pela venda dos produtos C/Iva a taxa de 6%
G87: =G77 -> 12001-Deposito a Ordem | H87: =I88 -> 5378995.4
G88: =G82 -> 1100001-Caixa | I88: =H82 -> 5378995.4
G89: H Pela transferencia do Saldo de Caixa para o D.O
G91: =G70 -> 6211001- Agua | H91: =[3]FSE!$H$10 -> 45000
G92: =G71 -> 6212001- Electricidade | H92: =[3]FSE!$H$7 -> 90000
G93: =G66 -> 6224001-Comuniçao | H93: =[3]FSE!$H$9 -> 15000
G94: 6219001- Lipenza, Higiene e Conforto | H94: =[3]FSE!$H$15 -> 45000
G95: 6221001- Renda e Aluguer | H95: 100000
G96: 6227001-Segurança | H96: =[3]FSE!$H$16 -> 54000
G97: 62138- Botijão de Gas | H97: =[3]FSE!$H$17 -> 35175
G98: 6298- Outros FSE | H98: =[3]FSE!$H$18 -> 24750
G99: =G87 -> 12001-Deposito a Ordem | I99: =SUM(H91:H98) -> 408925
G100: H Pelo Pagamento das Despesas
G102: 6225001- Seguros | H102: =[3]FSE!$H$13 -> 45000
G103: =G41 -> 2622001-Credores por Acrescimo de Gasto | I103: =H102 -> 45000
G104: H Pelo Reconhecimento dos Gasto do Periodo C/ Seguros
G106: 632001-Remunerações do Pesoal | H106: =SUM(I107:I109) -> 230170.5
G107: 271201- Remunerações a Pagar Ao Pesoal | I107: =('[8]Custo com pesoal a '!$B$18)*3 -> 210000
G108: 2412001- Retenção do IUR-Trabalhador dependente | I108: =('[8]Custo com pesoal a '!$F$18)*3 -> 3370.5
G109: 248001-Segurança Social | I109: =('[8]Custo com pesoal a '!$D$18)*3 -> 16800
G110: H Pelo processamento dos salários
G112: 635001-Encargos sobre remunerações | H112: ='[8]Custo com pesoal a '!$C$18 -> 10500
G113: =G109 -> 248001-Segurança Social | I113: =H112 -> 10500
G114: H Pelo processamento dos encargos patronais do Pessoal
G116: 631001- Remunerações dos Orgão Sociais | H116: =SUM(I117:I119) -> 278770.5
G117: 271101- Remunerações a Pagar Orgão Sociais | I117: =3*('[8]Custo com pesoal a '!$B$12) -> 255000
G118: =G108 -> 2412001- Retenção do IUR-Trabalhador dependente | I118: =3*('[8]Custo com pesoal a '!$F$12) -> 3370.5
G119: 248001-Segurança Social | I119: =3*('[8]Custo com pesoal a '!$D$12) -> 20400
G120: H Pelo processamento dos Ordenados dos Orgãos Sociais
...

Sheet DFC
A1: Entidade: CCCV, SA
A2: Demonstração (individual) de fluxos de caixa do período findo em 31.12.N e 31.12.N-1
A3: RUBRICAS | D3: NOTAS | E3: ='DRN '!E3:F3 -> 2012
E4: ='DRN '!E4 -> 31.12.2012 | F4: ='DRN '!F4 -> PREVISÂO
A5: Fluxos de caixa das actividades operacionais - método directo
A6: Recebimentos de clientes | C6: + | E6: =Razão!$J$41-'Balanço '!D21 -> 45667951 | F6: =[7]DFC!E6 -> 44372266
A7: Pagamentos a fornecedores | C7: - | E7: =-SUM(DRE!C55-DRE!C12-DRE!C20)+1748797 -> -22993082 | F7: =[7]DFC!E7 -> -24751832
A8: Pagamentos ao pessoal | C8: - | E8: =-SUM(Balancete!K31:K33) -> -14250600 | F8: =[7]DFC!E8 -> -14250600
A9: Caixa gerada pelas operações | C9: +/- | E9: =SUM(E6:E8) -> 8424268.2 | F9: =SUM(F6:F8) -> 5369833.9
A10: Pagamento/recebimento do imposto sobre o rendimento | C10: -/+
A11: Outros recebimentos/pagamentos | C11: +/-
A12: Fluxos de caixa das actividades operacionais | B12: (1) | C12: +/- | E12: =SUM(E9:E11) -> 8424268.2 | F12: =SUM(F9:F11) -> 5369833.9
A13: Fluxos de caixa das actividades de investimento
A14: Pagamentos respeitantes a:
A15: Activos fixos tangíveis | C15: -
A16: Activos intangíveis | C16: -
A17: Investimentos financeiros | C17: -
A18: Outros activos | C18: -
A19: Recebimentos provenientes de:
A20: Activos fixos tangíveis | C20: +
A21: Activos intangíveis Investimentos financeiros | C21: +
A22: Outros activos | C22: +
A23: Subsídios ao investimento | C23: +
A24: Juros e rendimentos similares | C24: +
A25: Dividendos | C25: +
A26: Fluxos de caixa das actividades de investimento | B26: (2) | C26: +/- | E26: =SUM(E20:E25)+SUM(E15:E18) -> 0 | F26: =SUM(F20:F25)+SUM(F15:F18) -> 0
A27: Fluxos de caixa das actividades de financiamento
A28: Recebimentos provenientes de:
A29: Financiamentos obtidos | C29: +
A30: Realizações de capital e de outros instrumentos de capital próprio | C30: +
A31: Cobertura de prejuízos | C31: +
A32: Doações | C32: +
A33: Outras operações de Financiamento | C33: +
A34: Pagamentos respeitantes a:
A35: Financiamentos obtidos | C35: - | E35: =-'Amortização Emprestimo taxa 8,7'!H19 -> -1731496.9 | F35: =[7]DFC!E35 -> -1216583.7
A36: Juros e gastos similares | C36: - | E36: =-SUM(Razão!$Z$90,Razão!$F$63) -> -444949.67 | F36: =[7]DFC!E36 -> -291825.68
A37: Dividendos | C37: -
A38: Reduções de capital e de outros instrumentos de capital próprio | C38: -
A39: Outras operações de financiamento | C39: -
A40: Fluxos de caixa das actividades de financiamento | B40: (3) | E40: =SUM(E35:E39)+SUM(E29:E33) -> -2176446.6 | F40: =SUM(F35:F39)+SUM(F29:F33) -> -1508409.3
A42: Variação de caixa e seus equivalentes | B42: (1)+(2)+(3) | E42: =E12+E26+E40 -> 6247821.6 | F42: =F12+F26+F40 -> 3861424.6
A43: Efeito das diferenças de câmbio | C43: +/-
A44: Caixa e seus equivalentes no início do período | C44: +/- | E44: ='BALANÇO INCIAL'!F31 -> 3761068.2 | F44: =[7]DFC!E44 -> 1661068.2
A45: Caixa e seus equivalentes no fim do período | C45: +/- | E45: ='BALANÇO FINAL'!F33 -> 10008890 | F45: =[7]DFC!E45 -> 5522492.8
A48: Controlo | E48: =E45-E44-E43-E42 -> -0.0016391333 | F48: =F45-F44-F43-F42 -> 0.0012827166

Sheet DACP
A3: Entidade: CCCV, SA
A4: Demonstração (individual) das alterações no capital próprio no período N
A5: DESCRIÇÃO | C5: NOTAS | D5: Capital Próprio atribuído aos detentores do capital da empresa-mãe | P5: Interesses minoritários | Q5: Total do Capital Próprio
D6: Capital realizado | E6: Acções (quotas) próprias | F6: Prestações suplementares e outros instrumentos de capital próprio | G6: Prémios de emissão | H6: Reservas legais | I6: Outras reservas | J6: Resultados transitados | K6: Ajustamentos em activos financeiros | L6: Excedentes de revalorização | M6: Outras variações no capital próprio | N6: Resultado líquido do período | O6: Total
A7: POSIÇÃO NO INÍCIO DO PERÍODO N | B7: 6 | Q7: =O7+P7 -> 0
A8: ALTERAÇÕES NO PERÍODO
A9: Primeira adopção de novo referencial contabilístico | Q9: =O9+P9 -> 0
A10: Alterações de políticas contabilísticas | Q10: =O10+P10 -> 0
A11: Diferenças de conversão de demonstrações financeiras | Q11: =O11+P11 -> 0
A12: Realização do excedente de revalorização de activos fixos tangíveis e intangíveis | Q12: =O12+P12 -> 0
A13: Excedentes de revalorização de activos fixos tangíveis e intangíveis e respectivas variações | Q13: =O13+P13 -> 0
A14: Ajustamentos por impostos diferidos | Q14: =O14+P14 -> 0
A15: Outras alterações reconhecidas no capital próprio | Q15: =O15+P15 -> 0
B16: 7 | D16: =SUM(D9:D15) -> 0 | E16: =SUM(E9:E15) -> 0 | F16: =SUM(F9:F15) -> 0 | G16: =SUM(G9:G15) -> 0 | H16: =SUM(H9:H15) -> 0 | I16: =SUM(I9:I15) -> 0 | J16: =SUM(J9:J15) -> 0 | K16: =SUM(K9:K15) -> 0 | ... Q16: =SUM(Q9:Q15) -> 0
A17: RESULTADO LÍQUIDO DO PERÍODO | B17: 8 | P17: ='Balanço '!F45 -> 0
A18: RESULTADO INTEGRAL | B18: 9=7+8 | N18: =N16+N17 -> 0 | O18: =O16+O17 -> 0 | P18: =P16+P17 -> 0 | Q18: =O18 -> 0
A19: OPERAÇÕES COM DETENTORES DE CAPITAL NO PERÍODO
A20: Realizações de capital | D20: ='Balanço '!D35 -> 3000000 | N20: ='DRN '!E27 -> 7111134.5 | Q20: =SUM(D20:P20) -> 10111134
A21: Realizações de prémios de emissão | Q21: =O21+P21 -> 0
A22: Distribuições | Q22: =O22+P22 -> 0
A23: Entradas para cobertura de perdas | Q23: =O23+P23 -> 0
A24: Outras operações | Q24: =O24+P24 -> 0
B25: 10 | D25: =SUM(D20:D24) -> 3000000 | E25: =SUM(E20:E24) -> 0 | F25: =SUM(F20:F24) -> 0 | G25: =SUM(G20:G24) -> 0 | H25: =SUM(H20:H24) -> 0 | I25: =SUM(I20:I24) -> 0 | J25: =SUM(J20:J24) -> 0 | K25: =SUM(K20:K24) -> 0 | ... Q25: =SUM(Q20:Q24) -> 10111134
A26: POSIÇÃO NO FIM DO PERÍODO N | B26: 11=6+7+8+10 | D26: =SUM(D7,D16,D17,D18,D25) -> 3000000 | E26: =E7+E16+E17+E25 -> 0 | F26: =F7+F16+F17+F25 -> 0 | G26: =G7+G16+G17+G25 -> 0 | H26: ='Balanço '!D39 -> 355556.72 | I26: ='Balanço '!D40 -> 355556.72 | J26: =J7+J16+J17+J25 -> 0 | K26: =K7+K16+K17+K25 -> 0 | L26: =L7+L16+L17+L25 -> 0 | M26: =M7+M16+M17+M25 -> 0 | N26: ='Balanço '!D41 -> 6400021 | P26: =P7+P16+P17+P25 -> 0 | Q26: =SUM(D26:P26) -> 10111134

Sheet Modelo 1B
G2: Ministério das Finanças | M2: CARACTERÍSTICAS DA DECLARAÇÃO
M4: PRIMEIRA | R4: X | S4: ALTERAÇÕES | AB4: OUTRA
M6: ANO DE EXERCÍCIO A QUE RESPEITA ESTA DECLARAÇÃO | Z6: REPARTIÇÃO DE FINANÇAS DA PRAIA
P7: 2012
C8: IMPOSTO ÚNICO SOBRE O RENDIMENTO | I8: MOD. 1 B
Z9: O Funcionário,
B10: MÉTODO DE VERIFICAÇÃO | M10: Data da entrega: | S10: -05-2013 | Z10: _______________________
B12: NOME COMPLETO DO CONTRIBUINTE, DOMICILIO FISCAL OU LOCAL DO ESTABELECIMENTO PRINCIPAL
B14: Nome: | E14: Cana-Cana Cv, SA
B16: NIF | AA16: 1 | AB16: 3 | AC16: 0 | AD16: 8 | AE16: 0 | AF16: 2 | AG16: 7 | AH16: 0 | AI16: 1
B17: Rua/Avenida/Lugar, etc. | J17: Achada Salineiro, Ribeira Grande de Santiago
B19: N.º | G19: Andar | N19: C. P. | W19: Localidade | AA19: SA-Praia
B20: Actividade Principal | I20: Produção e Distribuição de Aguardente | V20: Outras actividades | AB20: Produção de Pontche e Licor
B22: É importador | G22: Sim | I22: X | J22: Possui estabelecimento comercial noutras áreas fiscais? | AC22: Sim | AF22: N.º
G23: Não | AC23: Não | AE23: X
B25: QUADRO 1 | F25: APURAMENTO RESULTADO FISCAL
B26: 1- Resultado do exercício (linha 34 do Quadro 5) | AF26: =AF117 -> 7111134.5
B27: 2-Proveitos não tributáveios
B29: 2.1.- Utilizações e provisões para impostos s/ lucros exercicio anterior | AF29: 0
B30: 2.2.- Reposição e provisões tributadas em exercícios anteriores | AF30: 0
B31: 2.3.- Reembolso de imposto de exercício anteriores | AF31: 0
B33: Soma: | AF33: =AF29+AF30+AF31 -> 0
B34: 3- Custos inaceitáveis para efeitos fiscais | AF34: =AF35+AF36+AF37+AF38+AF39+AF40+AF41 -> 0
B35: 3.1.- As reintegrações e amortizações não contabilizadas como custos ou perda | AF35: 0
B36: 3.2.- Reintegrações e amortizações que excederam o período máximo de vida | AF36: 0
B37: 3.4.- Provisões para além dos limites legais | AF37: 0
B38: 3.5.- Despesas de reprtesentações exageradas | AF38: 0
B39: 3.6.- Imposto Único sobre o Rendimento | AF39: 0
B40: 3.7.- Importância de multas por infracções fiscais | AF40: 0
B41: 3.8.- | AF41: 0
B42: 4- Lucro ou Prejuízo Fiscal (1 - 2 ) + 3 SOMA: | AF42: =(AF26-AF33)+AF34 -> 7111134.5
B43: QUADRO 2 | F43: APURAMENTO DA MATÉRIA COLECTÁVEL
B44: A- Lucro Fiscal (Linha 4 do Quadro 1) (1) - | AF44: =+AF42 -> 7111134.5
B45: B- Deduções
B46: B.1.- Rendimentos de quotas ou partes sociais | AF46: 0
B47: B.2.- Rendimentos líquidos no estrangeiro | AF47: 0
B48: Soma: (2) - | AF48: =SUM(AF46:AJ47) -> 0
B51: B- Deduções-Prejuízos Fiscais
B52: B.4.- Exercício de 2011 | AF52: 0
B53: B.5.- Exercício de 2010 | AF53: 0
B54: B.6.- Exercício de ……. | AF54: 0
B55: Soma (3) - | AF55: =AF52+AF53+AF54 -> 0
B56: Reservas
B57: B.7.- Exercício de 2012 | AF57: =SUM('Balanço '!D39:D40) -> 711113.45
B58: B.8.- Exercício de ……. | AF58: 0
B59: B.9.- Exercício de ……. | AF59: 0
B60: Soma (4) - | AF60: =AF57+AF58+AF59 -> 711113.45
B62: Matéria colecável: 1 - (2 + 3 + 4)
B63: Matéria colecável | K63: =AF44 -> 7111134.5 | S63: Matéria colecável Declarada | AF63: 0
B64: X Taxa (30%) = | K64: =ROUND(K63*25%,0) -> 1777784 | S64: Matéria colecável corrigida | AF64: 0
S65: X Taxa (30%) = | AF65: 0
B66: Liquidação Provisória (Colecta) = | K66: 0 | S66: Liquidação Provisória (Colecta) = | AF66: =(AF50-AF57)+AF58 -> -711113.45
B67: Colecta | K67: =K64-K66 -> 1777784 | S67: Colecta | AF67: =(AF51-AF58)+AF59 -> 0 | AQ67: =K67-AF116 -> -592594.15
B68: QUADRO 3 | F68: VARIAÇÃO DAS EXISTÊNCIAS DA PRODUÇÃO
P69: Existências Iniciais (A) | X69: Exisências Finais (C) | AF69: Variação
B70: 1- Produtos acabados e semiacabados | P70: 0 | X70: 0 | AF70: =X70-P70 -> 0
B71: 2- Sub produtos, desperdícios, refugos e resíduos | P71: 0 | X71: 0 | AF71: =X71-P71 -> 0
B72: 3- Produtos ou trabalhos em curso | P72: 0 | X72: 0 | AF72: =X72-P72 -> 0
B73: 4- Totais (1 + 2 + 3) | P73: =P70+P71+P72 -> 0 | X73: =X70+X71+X72 -> 0 | AF73: =AF70+AF71+AF72 -> 0
B74: QUADRO 4 | F74: CUSTOS DE EXISTÊNCIAS VENDIDAS E CONSUMIDAS
K75: Existências Iniciais (A) | R75: Compras Líquidas (B) | Y75: Exisências Finais (C) | AF75: Custos (A + B) - C
B76: 1- Mercadorias | K76: 0 | R76: 0 | Y76: 0 | AF76: =(K76+R76)-Y76 -> 0
B77: 2- Matérias primas, Sub, ou de consumo | K77: 0 | R77: ='ANEXO 2'!B7 -> 25919677 | Y77: ='ANEXO 2'!B10 -> 3166284 | AF77: =(K77+R77)-Y77 -> 22753393
B78: 3- Totais (1 + 2) | K78: =K76+K77 -> 0 | R78: =R76+R77 -> 25919677 | Y78: =Y76+Y77 -> 3166284 | AF78: =(K78+R78)-Y78 -> 22753393
B79: QUADRO 5 | F79: DEMONSTRAÇÃO DE RESULTADO DO EXERCÍCIO
B80: CUSTOS
B81: 1- Custos das existências vendidas e consumidas (Linha 3 quadro 4) | AF81: =AF78 -> 22753393
B82: 2- Subcontratos (Trabalhos executados por terceiros) | AF82: 0
B83: 3- Fornecimento de serviços de terceiros | AF83: =-'DRN '!E11 -> 1977887
B84: 4- Impostos indirectos (não incluídos nas compras) | AF84: 0
B85: 5 - Soma ( 1 + 2 + 3 + 4) | AF85: =AF81+AF82+AF83+AF84 -> 24731279
B86: 6- Impostos directos | AF86: 0
B87: 7- Despesas com o pessoal | AF87: =AF151 -> 14250600
B88: 8- Despesas financeiras | AF88: =-'DRN '!E24 -> 444949.67
B89: 9- Outras despesas e encargos | AF89: 0
B90: 10- Amortizações e reintegrações do exercício | AF90: =-'DRN '!E21 -> 1372232.9
B91: 11- Provisões do exercício | AF91: 0
B92: 12- Perdas extraordinárias do exercício | AF92: =-'DRN '!E19 -> 10600
B95: 13- soma (6 + 7 + 8 + 9 + 10 + 11 + 12) | AF95: =AF86+AF87+AF88+AF89+AF90+AF91+AF92 -> 16078383
B96: 14- Perdas de exercícios anteriores | AF96: 0
B97: 15- Total dos custos (5 + 13) + 14 | AF97: =AF85+AF95+AF96 -> 40809662
B98: PROVEITOS
B99: 16- Vendas de mercadorias (Líquidos de devoluções e abatimentos)
B100: 17- Vendas de produtos (Líquidos de devoluções e abatimentos) | AF100: ='DRN '!E6 -> 50291175
B101: 18- Prestações de serviços
B102: 19- Soma (16 + 17+ 18) | AF102: =AF101+AF100+AF99 -> 50291175
B103: 20- Trabalhos para a própria empresa | AF103: 0
B104: 21- Variação das existências da produção | AF104: =AF73 -> 0
B105: 22- Subsídios destinados à exportação | AF105: =X105-P105 -> 0
B106: 23- Receitas suplementares | AF106: 0
B107: 24- Soma (20 + 21+ 22 + 23) | AF107: =AF103+AF104+AF105+AF106 -> 0
B108: 25- Receitas financeiras correntes | AF108: 0
B109: 26- Receitas de aplicações financeiras | AF109: 0
B110: 27- Outras receitas | AF110: 0
B111: 28- Utilização de provisões | AF111: 0
B112: 29- Ganhos extraordinários do exercício | AF112: 0
B113: 30- Soma (25 + 26 + 28 + 29) | AF113: =AF108+AF109+AF110+AF111+AF112 -> 0
B114: 31- Ganhos de exercícios anteriores | AF114: 0
B115: 32- Total dos proveitos (19 + 24 + 30) + 31 | AF115: =AF102+AF107+AF113+AF114 -> 50291175
B116: 33- Provisão para imposto sobre lucros | AF116: =-'DRN '!E26 -> 2370378.2
...

Sheet Modelo 106
G2: REPUBLICA DE CABO VERDE | Z2: DIRECÇAO GERAL DAS CONTRIBUIÇOES E IMPOSTOS
G4: MINISTERIO DAS FINANÇAS, PLANEAMENTO E DESENVOLVIMENTO REGIONAL
S5: IMPOSTO SOBRE O VALOR ACRESCENTADO
A6: I | J6: II | L6: TIPO DE DECLARAÇAO | AA6: III | AB6: NUMERO DE IDENTIFICAÇAO FISCAL:
A7: DECLARAÇAO PERIODO DO REGIME NORMAL MODELO 106
J8: 1- | L8: x | M8: NO PRAZO NORMAL
AA9: NIF | AG9: 130802701
J10: 2- | M10: FORA DO PRAZO
J12: 3- | M12: SUBSTITUI DP APRESENTADA
A14: IV - PERÍODO A QUE RESPEITA A DECLARAÇÃO: | U14: V - REPARTIÇÃO DE FINANÇAS COMPETENTE:
A16: 1- ANO DE | E16: 2012
A18: 2 - MÊS DE | E18: Dezenbro | P18: 1 | R18: 2 | T18: 1- Repartiçao de Finaças da Praia
A20: VI NOME, DESIGN SOCIAL DO SUJEITO PASSIVO, SEDE, ESTABELECIMENTO PRINCIPAL, REPRESENTAÇÃO OU DOMICÍLIO | B20: Nome, Designaçao Social do Sujeito Pasivo, Estabelecimento Principal, Representaçao ou Domicílio
A22: 1 – NOME/DESIGNAÇÃO SOCIAL | L22: Cana Cana CV, SA
A24: 2 - Rua, Praça, Avenida, Lugar: | K24: Achada Salineiro
A26: 3 – Número: | F26: 4 - Andar: | L26: 5 – Localidade: | AB26: 6 - Vila / Cidade:
L27: SA- Praia | AB27: Ribeira Grande de Santiago
A28: 7 – Telefone/Fax: | O28: 8 – Ilha: | AD28: 9 - Caixa Postal:
A29: 2671514 | O29: Santiago
A31: VII | C31: EXISTÊNCIA DE OPERAÇÕES
A33: Se no período não realizou operaçaões activas nem passivas, assinale 1 | Z33: e passe para o quadro XIII
A35: VIII | C35: APURAMENTO DO IMPOSTO RESPEITANTE AO PERÍODO A QUE RESPEITA A DECLARAÇÃO
A36: TIPO DE OPERAÇÕES | P36: BASE TRIBUTÁVEL | Y36: IMPOSTO A FAVOR DO SUJ PASSIVO | AL36: IMPOSTO A FAVOR DO ESTADO
A37: 1- Transmissões de bens e prestação de serviços tributadas.. . . .. . .. ... .. . . . . . . . . . . . . . . | P37: 1 | Q37: ='DRN '!E6 -> 50291175
A38: 2 – IVA liquidado nas operações do nº 1 | P38: =Balancete!L8 -> 8201721.3 | AL38: 2 | AN38: =Q37*15% -> 7543676.2
A39: 3 - IVA liquidado na aquisição dos serviços fornecidos por um prestador que não tenha sede, estabelecimento estável ou domicílio em Cabo Verde | AL39: 3
A40: 4 - Transmissões de bens e prestação de serviços Isentas: - Com direito a dedução: . . . . . . . . . . . | P40: 4
A41: - Sem direito a dedução.(art.9º exc.15, 28,29,32 e 33 ) | P41: 5 | Q41: 0
A42: 5 – Imposto Dedutível respeitante a transmissões de bens e prestações de serviço efectuadas ao sujeito passivo declarante:
A43: - Imobilizado: . . . . . . . . . . . . . . . . . . | Y43: 6
A44: - Existências: . . . . . . . . . . . . . .. . . . . . | Y44: 7
A45: - Outros bens e serviços: . . . . . . . . . . . | Y45: 8
A46: 6 – Imposto Dedutível Suportado nas importações de bens efectuadas pelo SP. : . . . . . | Y46: 9 | Z46: 0
A47: 7 – Imposto Dedutível pela aquisição dos serviços referidos no nº 3. . . . . . . . . . . . . . . . . . . . . . . . . . . . . | Y47: 10 | Z47: =AN39 -> 0
A48: 8 – Regularizações mensais ou anuais comunicadas pela Administração Fiscal: . . . . | Y48: 11 | Z48: 0 | AL48: 12 | AN48: 0
A49: 9 – Regularizações mensais ou anuais, excepto as comunicadas pela Administração Fiscal: . . . . | Y49: 13 | AL49: 14 | AN49: 0
A50: Valor da Liquidação | P50: 15 | Q50: =Q37+Q40+Q41 -> 50291175 | Y50: 16 | Z50: =Z43+Z44+Z45+Z46+Z47+Z48+Z49 -> 0 | AL50: 17 | AN50: =AN38+AN39+AN48+AN49 -> 7543676.2
A51: Valor antes da utilização do excesso a reportar de períodos anteriores | H51: 15=(01+04+05) | Y51: 16=(06+07+08+09+10+11+13) | AL51: 17=(02+03+12+14)
H52: Percentagem estimada (dedução parcial/pro rata) | AL52: 18 | AN52: 0 | AR52: %
A53: - UTILIZAÇÃO DE CRÉDITOS DE PERÍODOS ANTERIORES. Importante: só podem inscrever-se valor no Campo 19 se esta DP for apresentada no prazo legal.
A54: - Excesso a reportar dos períodos anteriores | O54: 19
A56: IX | B56: IMPOSTO A PAGAR AO ESTADO
A58: 1-ENTIDADE COMPETENTE: | J58: BCA - Banco Comercial do Atlãntico
A60: 2-DATA DE PAGAMENTO | J60: 31 | M60: =E18 -> Dezenbro | U60: 2012
A62: IVA…. | D62: 20 | E62: =AN50 -> 7543676.2 | M62: JUROS… | R62: 21 | S62: 0 | AC62: MULTA… | AK62: 22 | AL62: 0
A63: (20)=(17-16-19)
A64: IMPORTÂNCIA A PAGAR: | AG64: TOTAL: | AK64: 23 | AL64: =E62+S62+AL62 -> 7543676.2
A65: (23)=(20+21+22)
A66: X | B66: ORDEM DE TRANSFERÊNCIA
A68: Transferência conta a conta | O68: Sim 1 | R68: X | S68: Não 2
A70: 3. Z. Interbancária | I70: 0 | P70: 4. N.º Conta | AC70: xxxxxxxxxxxxxxxxxxxx
A72: 5. Banco | S72: 6. | W72: Agencia | AC72: ASA
A74: XI | B74: ESPAÇO RESERVADO À VALIDAÇÃO MECÂNICA DO PAGAMENTO (sendo caso disso)
A80: XII | C80: IMPOSTO A RECUPERAR
A81: CRÉDITO DE IMPOSTO SE ESTA DECLARAÇAO FOR APRESENTADA FORA DE PRAZO
A82: 1. REPORTE PARA O PERÍODO SEGUINTE : | AI82: 25 | AJ82: =C83 -> 4309856.8
B83: 24 | C83: =Razão!G149 -> 4309856.8
A84: 2.PEDIDO DE REEMBOLSO(*) : | AI84: 26
A85: Se esta declaraçao for apresentada fora do prazo legal, por culpa do contribuinte, não preencha este quadro.
A86: Os pedidos de reembolso devem observar as disposiçoes legais aplicáveis ( Artigo 21.º do RegIVA).
A87: (*) O valor inscrito no número 2-campo 26 do Quadro XII, não pode voltar a ser inscrito no campo 19 do Quadro VIII na próxima declarçao
A88: sem que haja comunicaçao da Administraçao Fiscal para o efeito.
C89: APRESENTAÇAO DA DECLARAÇAO | S89: (A PREENCHER PELO SERVIÇO RECEPTOR)
A90: XIII | S90: XIV | V90: RECEPÇÃO E AUTENTICAÇAO DA DECLARÇAO
A92: A PRESENTE DECLARAÇAO É VERDADEIRA E NÃO | S92: 1- Número de Entrada:
A93: OMITE QUALQUER INFORMAÇAO RELEVANTE.
S94: 2- Data:
A95: 1- Data: | E95: 41364
A97: 2- Local: | E97: PRAIA | S97: 3-Assinatura do Receptor
A98: 3- Assinatura do Suj Passivo/Representante | S98: (AUTENTICAR COM CARIMBO DP SERVIÇO)
A100: ___________________________________________ | S100: ___________________________________________________
A101: (Nome) | S101: (NOME E CARGO)
A102: OBSERVAÇOES
B113: A APRESENTAR NO PERÍODO SEGUINTE A QUE RESPEITAM AS OPERAÇOES OU AO MÊS ANTERIOR, CASO NÃO HAJAM SIDO REALIZADAS OPERAÇOES ACTIVAS NEM PASSIVAS.

Sheet ANEXO 1
N1: (valores expressos em ECV)
A2: NCRF7 | B2: CC | C2: Activos fixos tangíveis | E2: Terrenos e recursos naturais | F2: Edifícios e outras construções | H2: Equipamento básico | I2: Equipamento de transporte | J2: Equipamento administrativo | K2: Equipamentos biológicos | L2: Outros activos fixos tangíveis | M2: Activos fixos tangíveis em curso | N2: Totais
F3: Terrenos | G3: Edifícios
A4: §72 (c) | B4: 43(1a7) (si N-1) | C4: Em 01.01.N | D4: Quantias brutas escrituradas | H4: =Razão!B45 -> 4545281.8 | I4: =Razão!F82 -> 1500000 | J4: =Razão!J82 -> 193650 | N4: =SUBTOTAL(9,E4:M4) -> 6238931.8
A5: §72 (c) | B5: 438 e 439 (si N-1) | D5: Depreciações e perdas por imparidade acumuladas | N5: =SUBTOTAL(9,E5:M5) -> 0
A6: §72 (c) §72 (e) | B6: 43(1a7)-438-439(si N-1) | D6: Quantias líquidas escrituradas | E6: =SUM(E4:E5) -> 0 | F6: =SUM(F4:F5) -> 0 | G6: =SUM(G4:G5) -> 0 | H6: =SUM(H4:H5) -> 4545281.8 | I6: =SUM(I4:I5) -> 1500000 | J6: =SUM(J4:J5) -> 193650 | K6: =SUM(K4:K5) -> 0 | L6: =SUM(L4:L5) -> 0 | M6: =SUM(M4:M5) -> 0 | N6: =SUBTOTAL(9,E6:M6) -> 6238931.8
A7: §72 (e) | B7: 43(1a7) | C7: Adições | N7: =SUBTOTAL(9,E7:M7) -> 0
A8: §72 (e) | B8: 43X / 58 58 / 43X | C8: Revalorizações | N8: =SUBTOTAL(9,E8:M8) -> 0
A9: §72 (e) | B9: 43X / 43Y 43X / 45 | C9: Transferências | N9: =SUBTOTAL(9,E9:M9) -> 0
A10: §72 (e) | B10: 46 / 43X | C10: Reclassificações para activos não correntes detidos para venda | N10: =SUBTOTAL(9,E10:M10) -> 0
A11: §72 (e) | B11: 687(1a3)/43X 787(1a2)/43X | C11: Alienações, sinistros e abates | N11: =SUBTOTAL(9,E11:M11) -> 0
A12: §72 (e) | B12: … | C12: Outras alterações | N12: =SUBTOTAL(9,E12:M12) -> 0
A13: §72 (e) | B13: 642 | C13: Depreciações | H13: =-Razão!C45 -> -1136320.4 | I13: =-Razão!G82 -> -187500 | J13: =-Razão!K82 -> -48412.5 | N13: =SUBTOTAL(9,E13:M13) -> -1372232.9
A14: §72 (e) | B14: 655 | C14: Perdas por imparidade | N14: =SUBTOTAL(9,E14:M14) -> 0
A15: §72 (c) | B15: 43(1a7) (sf N-1/si N) | C15: Em 31.12.N | D15: Quantias brutas escrituradas | E15: =+E4+SUM(E7:E12) -> 0 | F15: =+F4+SUM(F7:F12) -> 0 | G15: =+G4+SUM(G7:G12) -> 0 | H15: =+H4+SUM(H7:H12) -> 4545281.8 | I15: =+I4+SUM(I7:I12) -> 1500000 | J15: =+J4+SUM(J7:J12) -> 193650 | K15: =+K4+SUM(K7:K12) -> 0 | L15: =+L4+SUM(L7:L12) -> 0 | M15: =+M4+SUM(M7:M12) -> 0 | N15: =SUBTOTAL(9,E15:M15) -> 6238931.8
A16: §72 (c) | B16: 438 e 439 (sf N-1/si N) | D16: Depreciações e perdas por imparidade acumuladas | E16: =+E5+SUM(E13:E14) -> 0 | F16: =+F5+SUM(F13:F14) -> 0 | G16: =+G5+SUM(G13:G14) -> 0 | H16: =+H5+SUM(H13:H14) -> -1136320.4 | I16: =+I5+SUM(I13:I14) -> -187500 | J16: =+J5+SUM(J13:J14) -> -48412.5 | K16: =+K5+SUM(K13:K14) -> 0 | L16: =+L5+SUM(L13:L14) -> 0 | M16: =+M5+SUM(M13:M14) -> 0 | N16: =SUBTOTAL(9,E16:M16) -> -1372232.9
A17: §72 (c) §72 (e) | B17: 43(1a7)-438-439(sf N-1) | D17: Quantias líquidas escrituradas | E17: =SUM(E15:E16) -> 0 | F17: =SUM(F15:F16) -> 0 | G17: =SUM(G15:G16) -> 0 | H17: =SUM(H15:H16) -> 3408961.3 | I17: =SUM(I15:I16) -> 1312500 | J17: =SUM(J15:J16) -> 145237.5 | K17: =SUM(K15:K16) -> 0 | L17: =SUM(L15:L16) -> 0 | M17: =SUM(M15:M16) -> 0 | N17: =SUBTOTAL(9,E17:M17) -> 4866698.8
A18: §72 (e) | B18: 43(1a7) | C18: Adições | N18: =SUBTOTAL(9,E18:M18) -> 0
A19: §72 (e) | B19: 43X / 58 58 / 43X | C19: Revalorizações | N19: =SUBTOTAL(9,E19:M19) -> 0
A20: §72 (e) | B20: 43X / 43Y 43X / 45 | C20: Transferências | N20: =SUBTOTAL(9,E20:M20) -> 0
A21: §72 (e) | B21: 46 / 43X | C21: Reclassificações para activos não correntes detidos para venda | N21: =SUBTOTAL(9,E21:M21) -> 0
A22: §72 (e) | B22: 687(1a3)/43X 787(1a2)/43X | C22: Alienações, sinistros e abates | N22: =SUBTOTAL(9,E22:M22) -> 0
A23: §72 (e) | B23: … | C23: Outras alterações | N23: =SUBTOTAL(9,E23:M23) -> 0
A24: §72 (e) | B24: 642 | C24: Depreciações | N24: =SUBTOTAL(9,E24:M24) -> 0
A25: §72 (e) | B25: 655 | C25: Perdas por imparidade | N25: =SUBTOTAL(9,E25:M25) -> 0
A26: §72 (c) | B26: 43(1a7) (sf N) | C26: Em 31.12.N | D26: Quantias brutas escrituradas | E26: =+E15+SUM(E18:E23) -> 0 | F26: =+F15+SUM(F18:F23) -> 0 | G26: =+G15+SUM(G18:G23) -> 0 | H26: =+H15+SUM(H18:H23) -> 4545281.8 | I26: =+I15+SUM(I18:I23) -> 1500000 | J26: =+J15+SUM(J18:J23) -> 193650 | K26: =+K15+SUM(K18:K23) -> 0 | L26: =+L15+SUM(L18:L23) -> 0 | M26: =+M15+SUM(M18:M23) -> 0 | N26: =SUBTOTAL(9,E26:M26) -> 6238931.8
A27: §72 (c) | B27: 438 e 439 (sf N) | D27: Depreciações e perdas por imparidade acumuladas | E27: =+E16+SUM(E24:E25) -> 0 | F27: =+F16+SUM(F24:F25) -> 0 | G27: =+G16+SUM(G24:G25) -> 0 | H27: =+H16+SUM(H24:H25) -> -1136320.4 | I27: =+I16+SUM(I24:I25) -> -187500 | J27: =+J16+SUM(J24:J25) -> -48412.5 | K27: =+K16+SUM(K24:K25) -> 0 | L27: =+L16+SUM(L24:L25) -> 0 | M27: =+M16+SUM(M24:M25) -> 0 | N27: =SUBTOTAL(9,E27:M27) -> -1372232.9
A28: §72 (c) §72 (e) | B28: 43(1a7)-438-439(sf N) | D28: Quantias líquidas escrituradas | E28: =SUM(E26:E27) -> 0 | F28: =SUM(F26:F27) -> 0 | G28: =SUM(G26:G27) -> 0 | H28: =SUM(H26:H27) -> 3408961.3 | I28: =SUM(I26:I27) -> 1312500 | J28: =SUM(J26:J27) -> 145237.5 | K28: =SUM(K26:K27) -> 0 | L28: =SUM(L26:L27) -> 0 | M28: =SUM(M26:M27) -> 0 | N28: =SUBTOTAL(9,E28:M28) -> 4866698.8

Sheet ANEXO 2
A1: Demonstração do custo das mercadorias vendidas e das matérias consumidas | B1: 41244
A2: Existências Iniciais | B2: 0
A3: Mercadorias | B3: 0
A4: Matérias-primas, subsidiárias e de consumo | B4: 0
A5: Compras | B5: 0
A6: Mercadorias
A7: Matérias-primas, subsidiárias e de consumo | B7: =DRE!C50 -> 25919677
A8: Existências Finais | B8: 0
A9: Mercadorias | B9: 0
A10: Matérias-primas, subsidiárias e de consumo | B10: ='[5]Orçamento de compra'!$H$66 -> 3166284
A11: Reclassificação e regularização de inventários e activos biológicos | B11: 0
A12: Custo do período | B12: =(B7+B6)+(-B10-B11) -> 22753393
B17: 25919677

Sheet ANEXO 3
J1: (valores expressos em ECV
A2: NCRF1 | B2: CC | C2: Meios financeiros líquidos constantes do balanço | E2: 31.12.N | H2: 31.12.N-1
E3: Quantias disponíveis para uso | F3: Quantias indisponíveis para uso | G3: Totais | H3: Quantias disponíveis para uso | I3: Quantias indisponíveis para uso | J3: Totais
A4: §31 | B4: 11 | C4: Caixa | D4: Numerário | E4: =Razão!$B$42 -> 25000 | G4: =SUM(E4:F4) -> 25000 | J4: =SUM(H4:I4) -> 0
A5: §31 | B5: 11 | D5: … | G5: =SUM(E5:F5) -> 0 | J5: =SUM(H5:I5) -> 0
A6: §31 | B6: 11 | D6: Subtotais | E6: =SUM(E4:E5) -> 25000 | F6: =SUM(F4:F5) -> 0 | G6: =SUM(E6:F6) -> 25000 | H6: =SUM(H4:H5) -> 0 | I6: =SUM(I4:I5) -> 0 | J6: =SUM(H6:I6) -> 0
A7: §31 | B7: 12 | C7: Depósitos bancários | D7: Depósitos à ordem | E7: =Razão!F42 -> 9983889.9 | G7: =SUM(E7:F7) -> 9983889.9 | J7: =SUM(H7:I7) -> 0
A8: §31 | B8: 13 | D8: Outros depósitos bancários | G8: =SUM(E8:F8) -> 0 | J8: =SUM(H8:I8) -> 0
A9: §31 | B9: 12 13 | D9: … | G9: =SUM(E9:F9) -> 0 | J9: =SUM(H9:I9) -> 0
A10: §31 | B10: 12 13 | D10: Subtotais | E10: =SUM(E7:E9) -> 9983889.9 | F10: =SUM(F7:F9) -> 0 | G10: =SUM(E10:F10) -> 9983889.9 | H10: =SUM(H7:H9) -> 0 | I10: =SUM(I7:I9) -> 0 | J10: =SUM(H10:I10) -> 0
A11: §31 | B11: 14 | C11: Outros equivalentes de caixa | D11: … | G11: =SUM(E11:F11) -> 0 | J11: =SUM(H11:I11) -> 0
A12: §31 | B12: 14 | D12: Subtotais | E12: =SUM(E11) -> 0 | F12: =SUM(F11) -> 0 | G12: =SUM(E12:F12) -> 0 | H12: =SUM(H11) -> 0 | I12: =SUM(I11) -> 0 | J12: =SUM(H12:I12) -> 0
A13: §31 | B13: 1 | C13: Totais | E13: =+E6+E10+E12 -> 10008890 | F13: =+F6+F10+F12 -> 0 | G13: =+G6+G10+G12 -> 10008890 | H13: =+H6+H10+H12 -> 0 | I13: =+I6+I10+I12 -> 0 | J13: =+J6+J10+J12 -> 0

Sheet ANEXO 4
M1: (valores expressos em ECV)
A2: Anexo ME | B2: Movimentos ocorridos nas rubricas do capital próprio | C2: Capital | D2: Quotas próprias | E2: Outros instrumentos de capital próprio | F2: Prémios de emissão | G2: Reservas | I2: Resultados transitados | J2: Excedentes revalorização de activos fixos tangíveis | K2: Outras variações no capital próprio | L2: Resultado líquido do período | M2: Totais
G3: Reservas legais | H3: Outras reservas
A4: Ponto 14.3 | B4: Saldo 31.12.N-2 (01.01.N-1) | C4: =DACP!D20 -> 3000000 | M4: =SUM(C4:L4) -> 3000000
A5: Ponto 14.3 | B5: Aumentos (reduções) do capital | M5: =SUM(C5:L5) -> 0
A6: Ponto 14.3 | B6: Aquisições (alienações) de quotas próprias | M6: =SUM(C6:L6) -> 0
A7: Ponto 14.3 | B7: Realização (reembolso) de outros instrumentos de capital próprio | M7: =SUM(C7:L7) -> 0
A8: Ponto 14.3 | B8: Primeira adopção da NC-ME | M8: =SUM(C8:L8) -> 0
A9: Ponto 14.3 | B9: Correcções de erros de períodos anteriores | M9: =SUM(C9:L9) -> 0
A10: Ponto 14.3 | B10: (Distribuições) de resultados e reservas | M10: =SUM(C10:L10) -> 0
A11: Ponto 14.3 | B11: Entradas para cobertura de perdas | M11: =SUM(C11:L11) -> 0
A12: Ponto 14.3 | B12: Aplicação do resultado líquido do período anterior | M12: =SUM(C12:L12) -> 0
A13: Ponto 14.3 | B13: Resultado líquido do período | M13: =SUM(C13:L13) -> 0
A14: Ponto 14.3 | B14: … | M14: =SUM(C14:L14) -> 0
A15: Ponto 14.3 | B15: Saldo 31.12.N-1 (01.01.N) | C15: =SUM(C4:C14) -> 3000000 | D15: =SUM(D4:D14) -> 0 | E15: =SUM(E4:E14) -> 0 | F15: =SUM(F4:F14) -> 0 | G15: =SUM(G4:G14) -> 0 | H15: =SUM(H4:H14) -> 0 | I15: =SUM(I4:I14) -> 0 | J15: =SUM(J4:J14) -> 0 | ... M15: =SUM(M4:M14) -> 3000000
A16: Ponto 14.3 | B16: Aumentos (reduções) do capital | M16: =SUM(C16:L16) -> 0
A17: Ponto 14.3 | B17: Aquisições (alienações) de quotas próprias | M17: =SUM(C17:L17) -> 0
A18: Ponto 14.3 | B18: Realização (reembolso) de outros instrumentos de capital próprio | M18: =SUM(C18:L18) -> 0
A19: Ponto 14.3 | B19: Primeira adopção da NC-ME | M19: =SUM(C19:L19) -> 0
A20: Ponto 14.3 | B20: Correcções de erros de períodos anteriores | M20: =SUM(C20:L20) -> 0
A21: Ponto 14.3 | B21: (Distribuições) de resultados e reservas | G21: =DACP!H26 -> 355556.72 | H21: =DACP!I26 -> 355556.72 | M21: =SUM(C21:L21) -> 711113.45
A22: Ponto 14.3 | B22: Entradas para cobertura de perdas | M22: =SUM(C22:L22) -> 0
A23: Ponto 14.3 | B23: Aplicação do resultado líquido do período anterior | M23: =SUM(C23:L23) -> 0
A24: Ponto 14.3 | B24: Resultado líquido do período | L24: =DACP!N26 -> 6400021 | M24: =SUM(C24:L24) -> 6400021
A25: Ponto 14.3 | B25: … | M25: =SUM(C25:L25) -> 0
A26: Ponto 14.3 | B26: Saldo 31.12.N | C26: =SUM(C15:C25) -> 3000000 | D26: =SUM(D15:D25) -> 0 | E26: =SUM(E15:E25) -> 0 | F26: =SUM(F15:F25) -> 0 | G26: =SUM(G15:G25) -> 355556.72 | H26: =SUM(H15:H25) -> 355556.72 | I26: =SUM(I15:I25) -> 0 | J26: =SUM(J15:J25) -> 0 | ... M26: =SUM(M15:M25) -> 10111134

Sheet ANEXO 5
E1: (valores expressos em ECV)
A2: Quantias de custos de empréstimos obtidos capitalizadas durante o período | C2: Período N | D2: Período N-1 | E2: Totais
A4: … | B4: Financiamento Obtido | C4: ='BALANÇO INCIAL'!F52-'Balanço '!D52 -> 1298622.7 | E4: =SUM(C4:D4) -> 1298622.7
B5: Juros | C5: =Balancete!K36 -> 419122.95 | E5: =SUM(C5:D5) -> 419122.95
B6: Subtotais | C6: =SUBTOTAL(9,C4:C5) -> 1717745.7 | D6: =SUBTOTAL(9,D4:D5) -> 0 | E6: =SUM(C6:D6) -> 1717745.7
A7: … | B7: Serviços Bancarios | C7: =Balancete!K34 -> 25826.721 | E7: =SUM(C7:D7) -> 25826.721
B8: Subtotais | C8: =SUBTOTAL(9,C7:C7) -> 25826.721 | D8: =SUBTOTAL(9,D7:D7) -> 0 | E8: =SUM(C8:D8) -> 25826.721
A9: Totais | C9: =SUBTOTAL(9,C4:C8) -> 1743572.4 | D9: =SUBTOTAL(9,D4:D8) -> 0 | E9: =SUM(C9:D9) -> 1743572.4

Sheet Grafico Gastos com Pesoal
B3: Ordenado | C3: 3844200 | D3: =C3/$C$6 -> 0.26975706
B4: Salário | C4: 8714400 | D4: =C4/$C$6 -> 0.61151109
B5: Encargos | C5: 1692000 | D5: =C5/$C$6 -> 0.11873184
B6: Total | C6: =SUM(C3:C5) -> 14250600 | D6: =SUM(D3:D5) -> 1

Sheet Folha2
E3: Venda | F3: %
C4: aguardente | D4: 300 | E4: =$E$7*F4 -> 30174705 | F4: =D4/$D$7 -> 0.6
C5: Licor | D5: 100 | E5: =$E$7*F5 -> 10058235 | F5: =D5/$D$7 -> 0.2
C6: Pontche | D6: 100 | E6: =$E$7*F6 -> 10058235 | F6: =D6/$D$7 -> 0.2
C7: Total | D7: =SUM(D4:D6) -> 500 | E7: ='DRN '!E6 -> 50291175 | F7: =SUM(F4:F6) -> 1
E8: =SUM(E4:E6) -> 50291175

Sheet Produção Anual
D10: Valores em Litros
B11: Produção | C11: Mensal | D11: Anual
B12: Aguardente | C12: =300*26 -> 7800 | D12: =C12*12 -> 93600
B13: Pontche | C13: =100*26 -> 2600 | D13: =C13*12 -> 31200
B14: Licor | C14: =100*26 -> 2600 | D14: =C14*12 -> 31200
B15: Total | C15: =SUM(C12:C14) -> 13000 | D15: =SUM(D12:D14) -> 156000

Sheet grafico materia prima consumida
E1: valores em mECV
B2: Matérias-primas, subsidiárias e de consumo | C2: Compra | D2: Consumo | E2: Existêcia Final | F2: %
B4: cana-de-açúcar | C4: =C9*55% -> 14255822 | D4: =D9*55% -> 12514366 | E4: =E9*55% -> 1741456.2 | F4: =C4/$C$7 -> 0.61111111
B5: Açucar | C5: =C9*30% -> 7775903 | D5: =D9*30% -> 6826017.8 | E5: =E9*30% -> 949885.2 | F5: =C5/$C$7 -> 0.33333333
B6: Diversos | C6: =C9*0.05 -> 1295983.8 | D6: =D9*0.05 -> 1137669.6 | E6: =E9*0.05 -> 158314.2 | F6: =C6/$C$7 -> 0.055555556
B7: TOTAL | C7: =SUM(C4:C6) -> 23327709 | D7: =SUM(D4:D6) -> 20478053 | E7: =SUM(E4:E6) -> 2849655.6 | F7: =C7/$C$7 -> 1 | G7: =SUM(F4:F6) -> 1
B8: %
C9: ='ANEXO 2'!B7 -> 25919677 | D9: =C9-E9 -> 22753393 | E9: ='ANEXO 2'!B10 -> 3166284

Sheet Folha4
